 Dungeon Crawl Stone Soup version 0.31-a0-1066-g35875b34c7 (webtiles) character file.

Game seed: 10264876073200895754

15948574 Dirtsage the End of an Era (level 27, 249/249 HPs)
             Began as a Demonspawn Berserker on Nov 21, 2023.
             Was the Champion of Qazlal.
             Escaped with the Orb
             ... and 15 runes on Nov 22, 2023!
             The game lasted 06:15:48 (98967 turns).

Dirtsage the End of an Era (Demonspawn Berserker)  Turns: 98967, Time: 06:15:49

Health: 249/249    AC: 54    Str: 26    XL:     27
Magic:  40/40      EV: 21    Int: 20    God:    Qazlal [******]
Gold:   18122      SH: 32    Dex: 23    Spells: 25/49 levels left

rFire   + + +        J - +8 mithril axe "Arga" {speed, Will+}
rCold   + + +        C - +5 kite shield {rC+ rF+}
rNeg    + + +        k - +12 gold dragon scales
rPois   ∞            (helmet unavailable)
rElec   +            a - scarf of Ignis's Approval {shadows, rElec Int+3 Dex-3 Slay+3}
rCorr   +            H - +4 pair of gloves of Fanaticism {Contam rN+ Will+ Regen+}
SInv    +            c - +3 pair of seven-league boots {Rampage+∞}
Will    +++++        L - amulet of Raviefa {Faith rElec Will+ Dex+3 SInv} Stlth
                     W - ring of Ryikuawk {Fly rElec rC+ Will++ Stlth-}
HPRegen 1.41/turn    s - ring of Uhanwol {rPois rF+ Int+4 Dex+2}
MPRegen 0.27/turn

%: repel missiles, clarity, rampage+∞, faith
@: death-form, flying, studying 8 skills
A: vile attack, torment immunity, no potions, horns 3, yellow scales 3, powered
by death 3, spiny 3, corrupting presence 2, word of chaos, clarity, dopey 1,
inability to drink after injury 1
0: Orb of Zot
}: 15/15 runes: decaying, slimy, silver, golden, iron, obsidian, icy, bone,
abyssal, demonic, glowing, magical, fiery, dark, gossamer
a: Word of Chaos, Siphon Essence, Begin Untransformation, Renounce Religion,
Upheaval, Elemental Force, Disaster Area


You escaped.
You worshipped Qazlal.
Qazlal was exalted by your worship.
You were an undying horror.
You visited 18 branches of the dungeon, and saw 88 of its levels.
You visited Pandemonium 1 time, and saw 16 of its levels.
You visited the Abyss 1 time.
You completed 1 ziggurat, and saw 27 of its levels.
You also visited: Sewer, Ice Cave and Desolation.

You collected 19091 gold pieces.
You spent 969 gold pieces at shops.

Inventory:

Hand Weapons
 J - the +8 mithril axe "Arga" (weapon) {speed, Will+}
   (You found it on level 10 of the Dungeon)

   Will+:     It increases your willpower.
Missiles
 r - 48 silver javelins (quivered)
 U - 10 throwing nets
Armour
 a - the scarf of Ignis's Approval (worn) {shadows, rElec Int+3 Dex-3 Slay+3}
   (You found it on level 11 of a ziggurat)

   Int+3:     It affects your intelligence (+3).
   Dex-3:     It affects your dexterity (-3).
   Slay+3:    It affects your accuracy & damage with ranged weapons and melee
   (+3).
   rElec:     It insulates you from electricity.
 c - the +3 pair of seven-league boots (worn) {Rampage+∞}
   (You found it in the Desolation of Salt)

   Rampage+∞: When moving toward enemies, its wearer moves as far as possible,
   alerting their target en route.
 k - +12 gold dragon scales (worn)
 C - a +5 kite shield of resistance (worn)
 F - the +0 pair of gloves of Cunaoseet {Fly rC- Dex+3 SInv}
   (You found it on level 11 of a ziggurat)

   Dex+3:     It affects your dexterity (+3).
   rC-:       It makes you vulnerable to cold.
   SInv:      It lets you see invisible.
   Fly:       It grants you flight.
 H - the +4 pair of gloves of Fanaticism (worn) {Contam rN+ Will+ Regen+}
   (You acquired it in Pandemonium)

   rN+:       It protects you from negative energy.
   Will+:     It increases your willpower.
   Contam:    It causes magical contamination when unequipped.
   Regen+:    It increases your rate of health regeneration.
Magical Staves
 M - the staff of Fohycil {Conj Necro}
   (You found it on level 3 of the Tomb of the Ancients)

   [staff of conjuration]

   Base accuracy: +5 Base damage: 5 Base attack delay: 1.2 This weapon's minimum
   attack delay (0.6) is reached at skill level 12.
   Conj:      It increases the power of your Conjurations spells.
   Necro:     It increases the power of your Necromancy spells.
   It falls into the 'Staves' category.
   It is a one-handed weapon.
Jewellery
 i - the ring "Umilogie" {rF+ rC+ Will+ Str-5}
   (You found it in the Desolation of Salt)

   [ring of protection from cold]

   Str-5:     It affects your strength (-5).
   rF+:       It protects you from fire.
   rC+:       It protects you from cold.
   Will+:     It increases your willpower.
 s - the ring of Uhanwol (right hand) {rPois rF+ Int+4 Dex+2}
   (You found it in Pandemonium)

   [ring of protection from fire]

   Int+4:     It affects your intelligence (+4).
   Dex+2:     It affects your dexterity (+2).
   rF+:       It protects you from fire.
   rPois:     It protects you from poison
 y - the ring of the Mage {Wiz Archmagi}
   (You found it on level 8 of a ziggurat)

   [ring of wizardry]

   Wiz:       It improves your spell success rate.
   Archmagi:  It increases the power of your magical spells.
 A - the ring of the Hare {EV+10}
   (You found it on level 14 of a ziggurat)

   [ring of evasion]

   EV+10:     It affects your evasion (+10).
 I - the ring of the Good {rN+ Will+ Str+6 Stlth-}
   (You found it on level 7 of Cocytus)

   [ring of willpower]

   Str+6:     It affects your strength (+6).
   rN+:       It protects you from negative energy.
   Will+:     It increases your willpower.
   Stlth-:    It makes you less stealthy.
 L - the amulet of Raviefa (around neck) {Faith rElec Will+ Dex+3 SInv}
   (You found it on level 23 of a ziggurat)

   [amulet of faith]

   Faith:     It allows you to gain divine favour quickly.
   Dex+3:     It affects your dexterity (+3).
   rElec:     It insulates you from electricity.
   Will+:     It increases your willpower.
   SInv:      It lets you see invisible.
 Q - the ring "Netum" {rC+ Will+ Slay+2}
   (You found it on level 7 of Tartarus)

   [ring of willpower]

   Slay+2:    It affects your accuracy & damage with ranged weapons and melee
   (+2).
   rC+:       It protects you from cold.
   Will+:     It increases your willpower.
 S - a ring of see invisible
 T - the ring of Hiogha {Ice rCorr Int+2 Slay+3}
   (You took it off Josephina on level 2 of the Realm of Zot)

   [ring of ice]

   Ice:       It enhances your ice magic.
   Int+2:     It affects your intelligence (+2).
   Slay+3:    It affects your accuracy & damage with ranged weapons and melee
   (+3).
   rF-:       It makes you vulnerable to fire.
   rC+:       It protects you from cold.
   rCorr:     It protects you from acid and corrosion.
 V - the ring of Paranoia {Fire Contam rPois rN+ MP+9}
   (You found it on level 5 of the Pits of Slime)

   [ring of fire]

   Fire:      It enhances your fire magic.
   rF+:       It protects you from fire.
   rC-:       It makes you vulnerable to cold.
   rPois:     It protects you from poison rN+: It protects you from negative
   energy.
   MP+9:      It affects your magic capacity (+9).
   Contam:    It causes magical contamination when unequipped.
 W - the ring of Ryikuawk (left hand) {Fly rElec rC+ Will++ Stlth-}
   (You acquired it on level 4 of the Realm of Zot)

   [ring of flight]

   rC+:       It protects you from cold.
   rElec:     It insulates you from electricity.
   Will++:    It greatly increases your willpower.
   Fly:       It grants you flight.
   Stlth-:    It makes you less stealthy.
 X - the ring "Juez Xearph" {Ice rElec Will++ Dex+8}
   (You found it in an ice cave)

   [ring of ice]

   Ice:       It enhances your ice magic.
   Dex+8:     It affects your dexterity (+8).
   rF-:       It makes you vulnerable to fire.
   rC+:       It protects you from cold.
   rElec:     It insulates you from electricity.
   Will++:    It greatly increases your willpower.
Talismans
 N - the death talisman of Eniumnop (active) {Int+3 Dex+6}
   (You found it on level 3 of the Tomb of the Ancients)

   [talisman of death]

   Int+3:     It affects your intelligence (+3).
   Dex+6:     It affects your dexterity (+6).
Wands
 D - a wand of digging (32)
Scrolls
 b - 3 scrolls of revelation
 g - 7 scrolls of fear
 t - 37 scrolls of teleportation
 x - 27 scrolls of fog
 B - 14 scrolls of blinking
 E - 8 scrolls of silence
 O - 5 scrolls of enchant armour
 Y - a scroll of immolation
Potions
 d - 8 potions of might
 e - 12 potions of cancellation
 f - 13 potions of attraction
 h - 12 potions of haste
 j - 13 potions of brilliance
 l - 13 potions of heal wounds
 m - 14 potions of lignification
 n - 7 potions of resistance
 p - 9 potions of mutation
 q - 28 potions of curing
 v - 5 potions of invisibility
 z - 5 potions of berserk rage
 G - 9 potions of enlightenment
 P - 12 potions of magic
Miscellaneous
 o - 2 +1 figurines of a ziggurat
 u - a lightning rod (4/4)
 w - a condenser vane
 K - a phial of floods
 R - a phantom mirror
 Z - the horn of Geryon


   Skills:
 O Level 27 Fighting
 O Level 27 Axes
 - Level 11.8 Throwing
 O Level 27 Armour
 + Level 23.9 Dodging
 + Level 25.7 Shields
 + Level 11.8 Spellcasting
 * Level 15.8 Summonings
 * Level 20.4 Necromancy
 - Level 15.4 Translocations
 - Level 12.2 Transmutations
 - Level 15.5 Air Magic
 O Level 27 Invocations
 - Level 11.3 Evocations
 - Level 23.0 Shapeshifting


You had 25 spell levels left.
You knew the following spells:

 Your Spells              Type           Power      Damage    Failure   Level
a - Wereblood             Tmut           57%        N/A       1%          2
b - Vhi's Electric Charg  Tloc/Air       100%       N/A       1%          4
c - Lesser Beckoning      Tloc           100%       N/A       1%          2
d - Infestation           Necr           38%        N/A       52%         8
e - Haunt                 Necr/Summ      35%        N/A       19%         7
g - Apportation           Tloc           100%       N/A       1%          1

Your spell library contained the following spells:

 Spells                   Type           Power      Damage    Failure   Level
 Necrotise                Necr           100%       1d9       0%          1
 Sublimation of Blood     Necr           76%        N/A       0%          2
 Kiss of Death            Conj/Necr      100%       2d13      1%          1
 Shock                    Conj/Air       100%       1d9       1%          1
 Summon Small Mammal      Summ           100%       N/A       1%          1
 Blink                    Tloc           100%       N/A       1%          2
 Call Imp                 Summ           100%       N/A       1%          2
 Cigotuvi's Dreadful Rot  Necr/Pois/Air  100%       N/A       1%          2
 Call Canine Familiar     Summ           66%        N/A       1%          3
 Gell's Gravitas          Tloc           65%        N/A       1%          3
 Swiftness                Air            65%        N/A       1%          3
 Teleport Other           Tloc           65%        N/A       1%          3
 Vampiric Draining        Necr           76%        2d11      1%          3
 Airstrike                Air            32%        2d(5-21)  1%          4
 Animate Dead             Necr           76%        N/A       1%          4
 Dispel Undead            Necr           76%        3d25      1%          4
 Manifold Assault         Tloc           65%        N/A       1%          4
 Passage of Golubria      Tloc           65%        N/A       1%          4
 Summon Lightning Spire   Summ/Air       65%        N/A       1%          4
 Agony                    Necr           76%        N/A       1%          5
 Summon Forest            Summ/Tloc      32%        N/A       1%          5
 Death Channel            Necr           38%        N/A       1%          6
 Poisonous Vapours        Pois/Air       84%        N/A       2%          2
 Sting                    Tmut/Pois      100%       1d8       3%          1
 Passwall                 Tmut/Erth      30%        N/A       4%          2
 Summon Guardian Golem    Hex/Summ       43%        N/A       4%          3
 Volatile Blastmotes      Fire/Tloc      84%        2d17      4%          3
 Anguish                  Hex/Necr       25%        N/A       6%          4
 Summon Cactus Giant      Summ           33%        N/A       9%          6
 Dispersal                Tloc           32%        N/A       11%         6
 Mephitic Cloud           Conj/Pois/Air  32%        N/A       14%         3
 Animate Armour           Summ/Erth      86%        N/A       16%         4
 Dimensional Bullseye     Hex/Tloc       21%        N/A       16%         4
 Iskenderun's Mystic Bla  Conj/Tloc      42%        2d10      16%         4
 Summon Ice Beast         Ice/Summ       43%        N/A       16%         4
 Borgnjor's Vile Clutch   Necr/Erth      25%        N/A       16%         5
 Ignite Poison            Fire/Tmut/Pois 28%        N/A       22%         3
 Petrify                  Tmut/Erth      36%        N/A       32%         4
 Foxfire                  Conj/Fire      44%        2x1d6     36%         1
 Freeze                   Ice            44%        1d6       36%         1
 Magic Dart               Conj           44%        1d5       36%         1
 Summon Mana Viper        Hex/Summ       43%        N/A       38%         5
 Arcjolt                  Conj/Air       21%        1d31      41%         5
 Silence                  Hex/Air        21%        N/A       41%         5
 Monstrous Menagerie      Summ           33%        N/A       45%         7
 Summon Hydra             Summ           33%        N/A       45%         7
 Malign Gateway           Summ/Tloc      32%        N/A       47%         7
 Ensorcelled Hibernation  Hex/Ice        22%        N/A       52%         2
 Jinxbite                 Hex            22%        N/A       52%         2
 Scorch                   Fire           22%        2d5       52%         2
 Searing Ray              Conj           22%        2d5       52%         2
 Borgnjor's Revivificati  Necr           38%        N/A       52%         8
 Alistair's Intoxication  Tmut/Pois      24%        N/A       65%         5
 Irradiate                Conj/Tmut      18%        3d17      65%         5
 Yara's Violent Unravell  Hex/Tmut       18%        3d9       65%         5
 Simulacrum               Ice/Necr       25%        N/A       65%         6
 Confusing Touch          Hex            11%        N/A       75%         3
 Dazzling Flash           Conj/Hex       22%        N/A       75%         3
 Frozen Ramparts          Ice            22%        1d4       75%         3
 Hailstorm                Conj/Ice       11%        3d5       75%         3
 Inner Flame              Hex/Fire       11%        N/A       75%         3
 Ozocubu's Armour         Ice            11%        N/A       75%         3
 Sigil of Binding         Hex            11%        N/A       75%         3
 Stone Arrow              Conj/Erth      22%        3d8       75%         3
 Tukima's Dance           Hex            11%        N/A       75%         3
 Freezing Cloud           Conj/Ice/Air   16%        6-21      78%         5
 Conjure Ball Lightning   Conj/Air       21%        3x3d6     94%         6
 Plasma Beam              Fire/Air       21%        2x1d33    94%         6
 Brom's Barrelling Bould  Conj/Erth      11%        2d3       98%         4
 Cause Fear               Hex            5%         N/A       98%         4
 Flame Wave               Conj/Fire      11%        2d6       98%         4
 Fulminant Prism          Conj/Hex       5%         3d7       98%         4
 Leda's Liquefaction      Hex/Erth       5%         N/A       98%         4
 Olgreb's Toxic Radiance  Pois           11%        N/A       98%         4
 Sticky Flame             Conj/Fire      11%        2d3       98%         4
 Summon Horrible Things   Summ           33%        N/A       98%         8
 Eringya's Noxious Bog    Tmut/Pois      18%        4d6       99%         6
 Disjunction              Tloc           32%        N/A       99%         8
 Maxwell's Capacitive Co  Air            32%        ∞         99%         8
 Fireball                 Conj/Fire      5%         3d5       100%        5
 Iskenderun's Battlesphe  Conj           11%        2d7       100%        5
 Lee's Rapid Deconstruct  Erth           5%         3d6*      100%        5
 Metabolic Englaciation   Hex/Ice        5%         N/A       100%        5
 Bombard                  Conj/Erth      5%         9d2       100%        6
 Starburst                Conj/Fire      5%         6d4       100%        6
 Enfeeble                 Hex            5%         N/A       100%        7
 Ozocubu's Refrigeration  Ice            5%         4d8       100%        7
 Spellforged Servitor     Conj/Summ      21%        N/A       100%        7
 Discord                  Hex            5%         N/A       100%        8
 Ignition                 Fire           5%         3d4       100%        8
 Lehudib's Crystal Spear  Conj/Erth      5%         10d3      100%        8
 Chain Lightning          Conj/Air       21%        3d28      100%        9
 Death's Door             Necr           38%        N/A       100%        9
 Dragon's Call            Summ           33%        N/A       100%        9
 Fire Storm               Conj/Fire      5%         8d2       100%        9
 Polar Vortex             Ice            5%         N/A       100%        9
 Shatter                  Erth           5%         3d8*      100%        9


Dungeon Overview and Level Annotations

Branches:
Dungeon (15/15)            Temple (1/1) D:7            Lair (5/5) D:9
  Swamp (4/4) Lair:2       Spider (4/4) Lair:3        Slime (5/5) Lair:5
    Orc (2/2) D:9             Elf (3/3) Orc:2        Vaults (5/5) D:14
  Crypt (3/3) Vaults:3       Tomb (3/3) Crypt:3      Depths (4/4) D:15
   Hell (visited)             Dis (7/7) Hell            Geh (7/7) Hell
    Coc (7/7) Hell            Tar (7/7) Hell            Zot (5/5) Depths:4
  Sewer (visited)           IceCv (visited)         Desolation (visited)

Altars:
Ashenzari
Cheibriados
Dithmenos
Fedhas
Gozag
Hepliaklqana
Kikubaaqudgha
Nemelex Xobeh
Okawaru
Qazlal
Ru
Sif Muna
Trog
Uskayaw
Vehumet
Wu Jian
Xom
Yredelemnul
Jiyva

Shops:
D:4 [   Orc:2 ![(*   Elf:1 (   Elf:2 [   Elf:3 *   Vaults:1 :   Vaults:2 =((:

Portals:
Hell: Depths:1 Depths:2 Depths:3 Depths:4
Abyss: Depths:1 Depths:3
Pandemonium: Depths:2

Annotations:
Elf:1 1 runed translucent door
Depths:2 3 runed translucent doors, Pojesatusi's ghost, adept HOMo


Innate Abilities, Weirdness & Mutations

You are an undying horror.
Your melee and unarmed attacks drain, slow and weaken victims.
You are immune to unholy pain and torment.
You cannot drink.
You are immune to poison.
You have a pair of large horns on your head.
You are completely covered in yellow scales. (AC +4, rCorr)
You regenerate a lot of health from kills.
You are completely covered in sharp spines.
Your presence sometimes corrodes or deforms those you injure.
You can speak a Word of Chaos.
You possess an exceptional clarity of mind.
You are dopey. (Int -2)
You occasionally lose the ability to drink potions when taking damage.


Message History

No target in view!
What level of the Dungeon? (default 1, ? - help)
There is a stone staircase leading up here.
You fly upwards.
There is a stone staircase leading down here.
There is an escape hatch in the ceiling here.
A mysterious force pulls you upwards. The hatch slams shut behind you.
There is a stone staircase leading up here.
You fly upwards.
There is a stone staircase leading down here.
A Brimstone Fiend comes into view.
The Brimstone Fiend hits you but does no damage.
The Brimstone Fiend closely misses you. The Brimstone Fiend misses you.
You chop the Brimstone Fiend into pieces!!!
The Brimstone Fiend twists and deforms.
The Brimstone Fiend decays.
You headbutt the Brimstone Fiend.
The Brimstone Fiend is heavily wounded.
You hit the Brimstone Fiend.
The Brimstone Fiend decays.
The Brimstone Fiend is heavily wounded.
You slice the Brimstone Fiend!!
The Brimstone Fiend decays.
You headbutt the Brimstone Fiend!
The Brimstone Fiend is almost dead.
The Brimstone Fiend gestures at you.
The sphere of damnation explodes!
The damnation engulfs you!!
The damnation engulfs the Brimstone Fiend.
The Brimstone Fiend completely resists.
You take 24 damage, and have 225/249 hp.
You slice the Brimstone Fiend!!
You kill the Brimstone Fiend!
Qazlal accepts your kill.
You regained 3 hp, and now have 228/249 hp.
No target in view!
What level of the Dungeon? (default 1, ? - help) HP restored.
There is a stone staircase leading up here.
You fly upwards.
There is a stone staircase leading down here.
Health restored: 249
There is a staircase leading out of the dungeon here.
You have escaped!

#....#
#.##......#
#.# #....#
#.##......#
#.# #....#
#)###..##.#
#.# #....#
#.##......#
#.# ######
#.##......#
#.#
#.##.#.####
#.#
#.##......#
#.#
#.##.°...§#
#.#
#.####...z#
#.# #
#.##..°°○○#
#.# #
#.##......#
#.# ##
#.####.##.#
#.# .##
#.##......#
###.##########
..#
#.##......#
#.............
#.#
#.##.#.#.##
#.#.##########
#.##
#.##......#
#.#.# #..##
#.##......#
#.#.#


There were no monsters in sight!

Vanquished Creatures
  Cerebov (Pan)
  Antaeus (Coc:7)
  21 pandemonium lords
  Asmodeus (Geh:7)
  the Royal Jelly (Slime:5)
  Gloorx Vloq (Pan)
  Lom Lobon (Pan)
  Ereshkigal (Tar:7)
  Mnoleg (Pan)
  Dispater (Dis:7)
  12 ancient liches
  28 dread liches
  7 orbs of fire
  Mennas (Crypt:2)
  3 juggernauts (Dis:7)
  48 royal mummies
  Josephina (Zot:2)
  9 Killer Klowns
  13 shard shrikes
  The ghost of Eghefix the Bludgeoner, a legendary GnFi of Cheibriados (Zot:3)
  Boris (twice) (Vaults:4 Depths:1)
  Frederick (Vaults:2)
  Margery (Crypt:2)
  5 curse toes
  Geryon (Hell)
  37 caustic shrikes
  21 golden dragons
  16 profane servitors
  30 bone dragons
  Norris (Depths:3)
  28 Tzitzimimeh
  15 hellephants
  6 electric golems
  15 Brimstone Fiends
  11 doom hounds
  2 spectral shard shrikes
  28 Orb Guardians
  Mlioglotl (Swamp:3)
  20 tentacled monstrosities
  29 iron giants
  26 tainted leviathans
  The ghost of Reshi88 the Warrior, an adept MiFi of Qazlal (Depths:1)
  16 liches
  3 deep elf blademasters
  24 Ice Fiends
  35 Hell Sentinels
  Grunn (Zot:1)
  Asterion (Elf:2)
  28 acid blobs
  2 deep elf master archers
  15 quicksilver dragons
  17 sphinxes
  19 searing wretches
  31 titans
  12 death cobs
  25 Executioners (Pan)
  12 tentacled starspawn
  44 ancient champions
  2 thorn hunters
  4 tengu reavers
  23 storm dragons
  2 nagarajas
  Aizul (Vaults:1)
  4 draconian knights
  12 revenants
  5 fenstrider witches
  16 shadow dragons
  The ghost of KineticRobot the Fighter, a journeyman MiFi of Ashenzari (Swamp:1)
  6 draconian monks
  11 rockslimes
  9 demonspawn warmongers
  31 fire giants
  24 quicksilver elementals
  9 narguns
  7 emperor scorpions
  18 ghost moths
  14 azure jellies
  55 balrugs
  18 iron dragons
  A frost giant (shapeshifter) (Zig:11)
  An imperial myrmidon (Desolation)
  12 deep elf sorcerers
  16 frost giants
  30 cacodemons
  A fire giant (shapeshifter) (Zig:12)
  26 vault wardens
  A caustic shrike zombie (Zig:27)
  8 draconian shifters
  10 draconian scorchers
  16 ghouls
  4 shard shrike simulacra
  30 war gargoyles
  2 deep elf elementalists
  7 orc warlords
  10 curse skulls
  6 demonspawn corrupters
  2 draconian stormcallers
  3 angels
  6 demonspawn blood saints
  16 ironbound preservers
  8 draconian annihilators
  A broodmother (Spider:4)
  5 formless jellyfish
  A spectral juggernaut (Zig:20)
  7 vampire knights
  The ghost of Dysawode the Bludgeoner, a journeyman FoFi of Zin (D:14)
  3 caustic shrike skeletons
  34 stone giants
  30 reapers
  2 juggernaut skeletons
  A formless jellyfish (shapeshifter) (Zig:11)
  26 very ugly things
  18 quicksilver oozes
  8 ironbound thunderhulks
  11 demonspawn black suns (Pan)
  5 green draconians
  10 deep elf demonologists
  3 starflowers (Abyss:3)
  2 spectral titans (Tar:3)
  2 halazid warlocks (Desolation)
  14 black draconians
  6 red draconians
  3 eleionomae
  37 iron golems
  13 white draconians
  26 putrid mouths
  24 elemental wellsprings
  8 bunyips
  27 lorocyprocas
  A spark wasp (shapeshifter) (Zig:12)
  30 bennus
  23 wendigos
  14 dire elephants
  16 spark wasps
  14 purple draconians
  9 yellow draconians
  Snorg (D:13)
  19 deep elf annihilators
  A spectral elf (Tar:1)
  13 eidola
  19 blizzard demons
  7 ettins
  15 deep elf death magi
  44 mummy priests
  35 green deaths
  8 crystal guardians
  6 jiangshi
  5 ragged hierophants (Desolation)
  16 fire dragons
  9 merfolk javelineers (Zig:25)
  26 yaktaur captains
  2 spectral iron giants (Tar:3)
  A quicksilver dragon zombie (Crypt:2)
  A spectral quicksilver dragon (Tar:2)
  5 entropy weavers
  2 merfolk impalers (Zig:25)
  14 great orbs of eyes
  A spectral sphinx (Zig:20)
  13 deep elf high priests
  9 caustic shrike simulacra
  3 shambling mangroves
  2 spectral shadow dragons
  Harold (Lair:2)
  4 spriggan zombies
  36 vault guards
  14 spriggan air magi
  2 spectral spriggans
  6 servants of whispers (Desolation)
  4 hell beasts
  21 salamander tyrants
  An Orb Guardian zombie (Crypt:1)
  A fenstrider witch zombie (Tomb:3)
  10 ice dragons
  A kraken zombie (Hell)
  10 peacekeepers
  3 merfolk avatars
  6 juggernaut simulacra
  16 rakshasas
  2 ogre magi
  22 hydras
  7 stokers
  9 spriggan skeletons
  8 radroaches
  18 alligators
  An anaconda (shapeshifter) (Elf:2)
  3 catoblepae
  A jorogumo (Spider:3)
  5 ghost crabs
  10 ironbound frosthearts
  6 merfolk aquamancers
  An alligator snapping turtle (Zig:25)
  12 centaur warriors
  2 death knights
  An anaconda (Swamp:2)
  6 boulder beetles
  73 death scarabs
  2 fenstrider witch skeletons
  A satyr (Zig:25)
  2 deep troll shamans (Depths:3)
  36 hell hogs
  6 two-headed ogres
  10 shock serpents (Zig:26)
  2 tengu warriors
  41 demonic crawlers
  A naga sharpshooter (Zig:6)
  A sphinx skeleton (Zig:27)
  10 thrashing horrors
  A titan zombie (Hell)
  66 dancing weapons
  5 deep troll earth magi
  5 vampire magi
  20 deep elf knights
  4 spectral dire elephants
  5 spriggan berserkers
  6 holy swine (Pan)
  An emperor scorpion zombie (Crypt:1)
  A spectral storm dragon (Tar:1)
  128 sun demons
  13 spriggans
  Nergalle (D:11)
  22 crystal echidnas
  29 soul eaters
  The ghost of Sphara the Twirler, a novice TeWn of Kikubaaqudgha (D:9)
  27 hell knights
  2 skysharks (Depths:3)
  A salamander mystic (Depths:1)
  6 sun moths
  10 pharaoh ants
  8 sea snakes
  8 death drakes
  45 sixfirhies
  11 wretched stars
  11 iron trolls
  7 goliath frogs
  37 shadow wraiths
  A spectral anaconda (Crypt:3)
  A spectral bunyip (Tar:1)
  25 skeletal warriors
  2 storm dragon skeletons
  A sea snake (shapeshifter) (Zig:7)
  5 spatial maelstroms
  13 orb spiders
  A glowing orange brain (shapeshifter) (Zig:19)
  A spriggan simulacrum (Tomb:2)
  A deep troll (shapeshifter) (Vaults:4)
  9 flayed ghosts
  4 spriggan druids
  4 anaconda zombies
  44 deep trolls
  7 bog bodies
  4 quicksilver dragon simulacra
  An anaconda skeleton (Hell)
  2 bunyip skeletons
  A naga ritualist (Zig:6)
  2 steelbarb worms (shapeshifter)
  3 shadow demons (Pan)
  A golden dragon skeleton (Crypt:1)
  A shadow dragon zombie (Zig:27)
  23 swamp dragons
  11 glowing orange brains
  28 ironbound convokers
  15 arcanists
  14 lindwurms
  An iron giant skeleton (Hell)
  23 orc knights
  35 phantasmal warriors
  15 deep elf archers
  5 harpies (Zig:25)
  9 steelbarb worms
  Pikel (D:4)
  33 starcursed masses
  2 tengu zombies
  A fenstrider witch simulacrum (Coc:1)
  A jorogumo zombie (Crypt:2)
  2 alligator zombies
  26 deep elf pyromancers
  3 salamanders
  2 frost giant zombies
  A mana viper (Zig:6)
  An eleionoma zombie (Crypt:1)
  2 lindwurms (shapeshifter)
  24 necromancers
  2 shadow dragon skeletons (Zig:27)
  A mana viper (shapeshifter) (Zig:12)
  A harpy (shapeshifter) (Zig:11)
  27 deep elf zephyrmancers
  7 oklob plants
  5 orc sorcerers
  A faun (shapeshifter) (D:15)
  A sphinx simulacrum (Vaults:2)
  19 wolf spiders
  5 shining eyes
  A will-o-the-wisp (Zig:13)
  A spectral ettin (Tar:1)
  51 ugly things
  A salamander (shapeshifter) (Zig:19)
  A wolf spider zombie (Crypt:3)
  2 tengu skeletons (Zig:27)
  21 cyclopes
  40 moths of wrath
  8 manticores
  A spectral centaur (Tar:1)
  12 elephants
  2 manticores (shapeshifter)
  5 rust devils
  2 centaur zombies
  2 worldbinders
  4 merfolk sirens (Zig:25)
  6 torpor snails
  An iron dragon skeleton (Abyss:2)
  7 water nymphs (Zig:25)
  11 black mambas
  3 gargoyles
  6 ice statues
  21 vault sentinels
  49 smoke demons
  8 apocalypse crabs
  6 guardian serpents
  Maurice (D:13)
  33 orange demons
  11 eyes of devastation
  14 molten gargoyles
  A storm dragon simulacrum (Zot:2)
  3 titan simulacra
  2 naga magi (Zig:10)
  10 cane toads
  An alligator snapping turtle zombie (Crypt:1)
  6 unseen horrors
  76 large abominations
  2 dire elephant skeletons (Pan)
  5 naga skeletons
  42 hellions
  33 yaktaurs
  2 kobold demonologists
  A catoblepas skeleton (Pan)
  A death yak zombie (Crypt:1)
  15 rime drakes
  3 ice devils
  2 sea snake zombies (Hell)
  A spectral glowing shapeshifter (Zig:20)
  40 tormentors
  A catoblepas zombie (Crypt:2)
  A bunyip simulacrum (Coc:2)
  10 freezing wraiths
  A yaktaur (shapeshifter) (Zig:11)
  A harpy zombie (Crypt:2)
  5 red devils (Pan)
  7 komodo dragons
  A tengu conjurer (Depths:1)
  11 efreet
  5 anaconda simulacra
  A red draconian skeleton (Crypt:2)
  A minotaur skeleton (Pan)
  7 trolls
  4 ancient zymes
  62 guardian mummies
  2 iron giant simulacra
  2 sea snake skeletons
  3 silent spectres
  19 tyrant leeches
  2 wind drakes (shapeshifter)
  8 merfolk (Zig:25)
  32 wind drakes
  2 meliai (shapeshifter)
  12 meliai
  3 hydra skeletons
  27 tarantellas
  43 hellwings
  11 polar bears
  51 saltlings (Desolation)
  2 iron dragon simulacra
  23 hornets
  9 harpy skeletons
  10 snapping turtles
  16 blink frogs
  2 stone giant simulacra
  7 glass eyes
  14 dream sheep (Lair:4)
  A snapping turtle (shapeshifter) (Zig:1)
  A dream sheep (shapeshifter) (Zig:8)
  28 raiju
  A frost giant simulacrum (Depths:3)
  An ettin zombie (Crypt:2)
  50 flying skulls
  A culicivora (shapeshifter) (Elf:1)
  A jumping spider (shapeshifter) (Vaults:5)
  30 jumping spiders
  A spectral black mamba (Tar:2)
  12 air elementals (Zig:26)
  2 centaur simulacra
  A black mamba zombie (Crypt:1)
  2 slime creatures (shapeshifter)
  A draconian simulacrum (Zot:2)
  66 yaks
  13 shadows
  6 water elementals
  4 ettin skeletons
  3 vampires (Vaults:3)
  112 slime creatures
  12 wyverns
  20 culicivoras
  A spriggan (shapeshifter) (Vaults:5)
  2 dire elephant simulacra (Coc:7)
  49 ynoxinuls
  A fire bat (shapeshifter) (D:14)
  19 ushabtiu
  Eustachio (D:4)
  11 wraiths
  A hog (shapeshifter) (D:15)
  19 humans (D:14)
  A wind drake zombie (Crypt:3)
  A tyrant leech zombie (Crypt:2)
  A black mamba skeleton (Crypt:2)
  6 golden eyes
  9 fire elementals
  An alligator snapping turtle simulacrum (Coc:1)
  8 basilisks
  65 redbacks
  A purple draconian simulacrum (Zot:2)
  4 steam dragons
  52 chaos spawn
  11 harpy simulacra
  2 naga zombies (Crypt:1)
  43 neqoxecs
  A glowing shapeshifter zombie (Depths:3)
  6 swamp worms
  Edmund (D:4)
  4 wargs
  10 vampire mosquitoes
  11 acid dragons
  A naga (Zig:6)
  19 small abominations
  A two-headed ogre zombie (Crypt:3)
  14 spatial vortices (Abyss:3)
  A hydra simulacrum (Coc:2)
  2 great orb of eyes simulacra (IceCv)
  15 water moccasins
  47 orc warriors
  4 glowing shapeshifter skeletons
  A moth of wrath simulacrum (Zot:2)
  10 swamp drakes
  3 ice beasts
  6 black bears
  2 sky beasts
  2 black mamba simulacra
  A hornet zombie (Crypt:2)
  An ice beast (shapeshifter) (Zig:11)
  8 ettin simulacra
  2 human zombies
  18 ogres
  9 wolves
  8 boggarts
  A tengu (shapeshifter) (Vaults:5)
  A phantom (D:6)
  16 centaurs
  A lemure (D:3)
  5 slime creature simulacra (IceCv)
  Blork the orc (D:4)
  3 elf zombies (Elf:1)
  4 kobold brigands
  A human skeleton (Vaults:2)
  6 necrophages
  12 bullfrogs
  A gnoll sergeant (D:12)
  3 earth elementals
  4 glowing shapeshifter simulacra (IceCv)
  5 naga simulacra
  A cyclops skeleton (Crypt:1)
  10 wights
  17 killer bees
  A raiju zombie (Crypt:2)
  2 electric eels (Lair:2)
  A crimson imp (Abyss:2)
  3 howler monkeys (D:11)
  A bullfrog zombie (Crypt:3)
  5 lava snakes (D:14)
  A quasit (Abyss:2)
  6 jellies
  4 hounds
  A basilisk zombie (Crypt:2)
  17 orc priests
  5 iguanas
  3 iron imps
  A sleepcap (D:7)
  A basilisk skeleton (Crypt:3)
  2 centaur skeletons
  18 orc wizards
  8 lightning spires
  4 shapeshifter simulacra (IceCv)
  10 hell rats
  An ogre skeleton (Crypt:2)
  A howler monkey skeleton (Crypt:1)
  66 mummies
  11 gnolls
  3 adders
  A steam dragon skeleton (Crypt:2)
  3 shadow imps
  4 white imps
  4 ufetubi
  2 worms
  4 dart slugs
  96 orcs
  12 ball pythons
  10 bats
  20 endoplasms
  9 giant cockroaches
  A giant cockroach (shapeshifter) (D:14)
  4 hobgoblins
  20 kobolds
  4 quokkas
  5 frilled lizards
  A goblin skeleton (Crypt:2)
  6 rats
  6 ball lightnings (Pan)
  6 creeping infernos
  23 fire vortices
  4 lurking horrors
  A spectral weapon (Zig:8)
  10 starspawn tentacles
  A tentacle (Hell)
5738 creatures vanquished.

Vanquished Creatures (collateral kills)
  An orb of fire (Zot:5)
  An Orb Guardian (Zot:5)
  An acid blob (Slime:5)
  A quicksilver ooze (Slime:5)
  A starflower (Abyss:3)
  A sea snake (Lair:5)
  An oklob plant (Abyss:3)
  2 elephants (Lair:5)
  A cane toad (Lair:5)
  A smoke demon (Pan)
  A troll (shapeshifter) (D:14)
  A hornet (Spider:4)
  A glass eye (shapeshifter) (D:14)
  A jumping spider (shapeshifter) (D:14)
  A chaos spawn (Pan)
  A neqoxec (D:14)
  A warg (shapeshifter) (D:14)
  A water moccasin (Lair:5)
  A starcursed mass (Abyss:3)
20 creatures vanquished.

Vanquished Creatures (others)
  An ancient lich (Tar:6)
  A quicksilver dragon (Zot:2)
  An ancient champion (Dis:3)
  An eldritch tentacle (Pan)
  A storm dragon (Zot:2)
  2 draconian knights (Zot:5)
  2 draconian stormcallers
  2 reapers (Hell)
  A war gargoyle (Zig:23)
  A cacodemon (Pan)
  3 demonspawn blood saints (Pan)
  An eleionoma (Zig:21)
  A deep elf annihilator (Pan)
  A red draconian (Zot:5)
  2 bunyips (Zig:21)
  A merfolk javelineer (Zig:25)
  A merfolk impaler (Zig:25)
  A deep elf death mage (Elf:2)
  A juggernaut simulacrum (Coc:6)
  3 hydras
  An alligator (Zig:21)
  A vampire mage (Crypt:1)
  2 hell hogs (Geh:6)
  A sun demon (Hell)
  2 crystal echidnas
  2 goliath frogs
  A sea snake (Zig:25)
  A swamp dragon (Zig:21)
  A spriggan druid (Zig:21)
  A deep elf archer (Elf:3)
  2 spriggan simulacra
  A necromancer (Hell)
  A manticore (D:15)
  A moth of wrath (Zot:5)
  A titan simulacrum (Coc:7)
  2 water nymphs (Zig:25)
  A hellion (Geh:6)
  A freezing wraith (Coc:4)
  2 tormentors (Pan)
  3 golden dragon simulacra
  3 anaconda simulacra
  A rime drake (Zig:18)
  6 bloated husks
  A hydra zombie (Hell)
  A tyrant leech (Zig:21)
  2 wind drakes (Zig:25)
  A polar bear (D:13)
  5 hornets (Zig:21)
  An iron dragon simulacrum (Coc:7)
  A stone giant simulacrum (Coc:2)
  3 ynoxinuls (Pan)
  6 spriggans
  2 wyverns (Zig:18)
  3 dire elephant simulacra
  4 vampire mosquitoes (Swamp:1)
  A steam dragon (Zig:18)
  2 harpy simulacra (Coc:4)
  A swamp worm (Swamp:1)
  An acid dragon (Zig:18)
  A swamp drake (Zig:18)
  A bullfrog (shapeshifter) (Vaults:5)
  A naga simulacrum (Coc:4)
  2 orc wizards
  2 kobolds (D:9)
  3 creeping infernos
  14 starspawn tentacles
  3 tentacles (Hell)
128 creatures vanquished.

Grand Total: 5886 creatures vanquished

Notes
Turn   | Place    | Note
-------+----------+-------------------------------------------
     0 | D:1      | Dirtsage the Demonspawn Berserker began the quest for the
                  | Orb.
     0 | D:1      | Reached XP level 1. HP: 18/18 MP: 1/1
   132 | D:1      | Gained mutation: You regenerate a little health from kills.
                  | [demonic ancestry]
   132 | D:1      | Reached XP level 2. HP: 24/24 MP: 2/2
   330 | D:1      | Gained mutation: You have a pair of small horns on your
                  | head. [demonic ancestry]
   330 | D:1      | Reached XP level 3. HP: 22/29 MP: 3/3
   414 | D:1      | Reached ** piety under Trog
   614 | D:2      | Found an opulent altar of Gozag.
  1162 | D:3      | Gained mutation: You have a pair of horns on your head.
                  | [demonic ancestry]
  1162 | D:3      | Reached XP level 4. HP: 35/35 MP: 4/4
  1247 | D:3      | Found a radiant altar of Vehumet.
  1379 | D:3      | Reached skill level 5 in Axes
  1574 | D:3      | Found a basalt altar of Yredelemnul.
  1788 | D:4      | Reached XP level 5. HP: 41/41 MP: 5/5
  1938 | D:4      | Noticed Edmund
  1971 | D:4      | Noticed an ogre
  1991 | D:4      | Killed an ogre
  1992 | D:4      | Gained mutation: You are partially covered in yellow
                  | scales. (AC +2) [demonic ancestry]
  1992 | D:4      | Reached XP level 6. HP: 47/47 MP: 6/6
  2100 | D:4      | Noticed Blork the orc
  2112 | D:4      | Killed Blork the orc
  2309 | D:4      | Found a shimmering blue altar of Sif Muna.
  2407 | D:4      | Killed Edmund
  2486 | D:4      | Found Ycebent's Antique Armour Shop.
  2584 | D:4      | Noticed Pikel
  2584 | D:4      | Noticed Eustachio
  2735 | D:5      | Entered Level 5 of the Dungeon
  2750 | D:5      | Gained mutation: You are mostly covered in yellow scales.
                  | (AC +3) [demonic ancestry]
  2750 | D:5      | Reached XP level 7. HP: 17/52 MP: 7/7
  3191 | D:5      | Found a hide-covered altar of Uskayaw.
  3271 | D:5      | Found a shadowy altar of Dithmenos.
  3607 | D:5      | Reached *** piety under Trog
  4079 | D:6      | Found a glowing drain.
  4084 | Sewer    | Entered a sewer
  4195 | Sewer    | Found a viscous altar of Jiyva.
  4272 | Sewer    | Gained mutation: You have a pair of large horns on your
                  | head. [demonic ancestry]
  4272 | Sewer    | Reached XP level 8. HP: 58/58 MP: 8/8
  4468 | D:6      | Reached **** piety under Trog
  4477 | D:6      | Reached skill level 10 in Axes
  5558 | D:4      | Killed Pikel
  5559 | D:4      | Reached XP level 9. HP: 42/63 MP: 9/9
  5750 | D:4      | Killed Eustachio
  5875 | D:7      | Found a staircase to the Ecumenical Temple.
  5908 | Temple   | Entered the Ecumenical Temple
  6161 | D:7      | Found a snail-covered altar of Cheibriados.
  6162 | D:7      | Found a shimmering altar of Xom.
  7052 | D:8      | Gained mutation: You are partially covered in sharp spines.
                  | [demonic ancestry]
  7052 | D:8      | Reached XP level 10. HP: 70/70 MP: 10/10
  7304 | D:9      | Reached ***** piety under Trog
  7339 | D:9      | Paralysed by a hornet for 1 turns
  7343 | D:9      | Paralysed by a hornet for 2 turns
  7348 | D:10     | Entered Level 10 of the Dungeon
  7596 | D:9      | Found a staircase to the Lair.
  7637 | D:9      | Noticed Sphara's ghost (novice TeWn)
  7643 | D:9      | Found a runed translucent door.
  7709 | D:9      | Found a staircase to the Orcish Mines.
  7912 | D:9      | Found a hazy altar of Hepliaklqana.
  8029 | D:9      | Killed Sphara's ghost
  8204 | D:10     | Reached skill level 1 in Shields
  8474 | D:10     | Found the +8 mithril axe "Arga" {speed, Will+}
  8695 | D:10     | Reached skill level 15 in Axes
  8705 | D:10     | Gained mutation: You are mostly covered in sharp spines.
                  | [demonic ancestry]
  8705 | D:10     | Reached XP level 11. HP: 76/76 MP: 11/11
  9254 | D:11     | Noticed a brown ugly thing
  9261 | D:11     | Killed a brown ugly thing
  9602 | D:11     | Noticed Nergalle
  9612 | D:11     | Killed Nergalle
  9935 | D:11     | Received a gift from Trog
  9944 | D:11     | Reached skill level 5 in Fighting
 10165 | Lair:1   | Entered Level 1 of the Lair of Beasts
 10428 | Lair:1   | Noticed a boulder beetle
 10448 | Lair:1   | Killed a boulder beetle
 10616 | Lair:1   | Gained mutation: You regenerate health from kills. [demonic
                  | ancestry]
 10616 | Lair:1   | Reached XP level 12. HP: 60/87 MP: 12/12
 10651 | Lair:1   | Noticed a catoblepas
 10670 | Lair:1   | Killed a catoblepas
 10950 | Lair:1   | You fall into a shaft and drop 1 floor!
 10967 | Lair:2   | Reached skill level 5 in Armour
 11173 | Lair:2   | Noticed a five-headed hydra
 11186 | Lair:2   | Killed a one-headed hydra
 11213 | Lair:2   | Reached skill level 1 in Throwing
 11213 | Lair:2   | Reached skill level 5 in Dodging
 11264 | Lair:2   | Reached skill level 1 in Evocations
 11301 | Lair:2   | Found a staircase to the Swamp.
 11394 | Lair:2   | Noticed an eight-headed hydra
 11400 | Lair:2   | Noticed Harold
 11401 | Lair:2   | Killed a four-headed hydra
 11409 | Lair:2   | Killed Harold
 11883 | Lair:3   | Found a hole to the Spider Nest.
 11912 | Lair:3   | Received a gift from Trog
 11930 | Lair:3   | Reached skill level 5 in Shields
 12229 | Lair:3   | Reached XP level 13. HP: 79/95 MP: 13/13
 12811 | Lair:4   | Reached skill level 5 in Throwing
 13031 | Lair:4   | Identified the +1 swamp dragon scales of Qisoskix {rPois
                  | Dex+4}
 13637 | Lair:4   | Noticed an azure jelly
 13647 | Lair:4   | Killed an azure jelly
 13955 | Lair:5   | Entered Level 5 of the Lair of Beasts
 14078 | Lair:5   | Received a gift from Trog
 14165 | Lair:5   | Reached XP level 14. HP: 103/105 MP: 14/14
 14204 | Lair:5   | Reached skill level 5 in Evocations
 14221 | Lair:5   | Found a viscous altar of Jiyva.
 14222 | Lair:5   | Found a staircase to the Slime Pits.
 14245 | Lair:5   | Identified the +4 spear of Tawam {holy, rF+ rC+ Str+3}
 15122 | D:12     | Received a gift from Trog
 15423 | D:12     | Reached ****** piety under Trog
 16229 | D:13     | Noticed Snorg
 16251 | D:13     | Killed Snorg
 16338 | D:13     | Noticed Maurice
 16354 | D:13     | Killed Maurice
 16453 | D:13     | Found a frozen archway.
 16511 | IceCv    | Entered an ice cave
 16576 | IceCv    | Noticed a quicksilver ooze
 16581 | IceCv    | Killed a quicksilver ooze
 16686 | IceCv    | Noticed a quicksilver ooze
 16688 | IceCv    | Found a viscous altar of Jiyva.
 16688 | IceCv    | Noticed an azure jelly
 16695 | IceCv    | Killed a quicksilver ooze
 16703 | IceCv    | Killed an azure jelly
 16824 | IceCv    | Got the ring "Juez Xearph" {Ice rElec Will++ Dex+8}
 16958 | IceCv    | Gained mutation: You are completely covered in yellow
                  | scales. (AC +4, rCorr) [demonic ancestry]
 16958 | IceCv    | Reached XP level 15. HP: 79/113 MP: 15/15
 17015 | IceCv    | Got the Opusculum on Glaciation
 17848 | D:14     | Identified the +11 double sword of Awkwardness {antimagic,
                  | rN++ Stlth-} (Trog gifted it to you on level 14 of the
                  | Dungeon)
 17848 | D:14     | Received a gift from Trog
 17862 | D:14     | Found a gate to the Vaults.
 17934 | D:14     | Found a runed translucent gate.
 17934 | D:14     | Found a runed translucent gate.
 17934 | D:14     | Found a runed translucent gate.
 18134 | D:14     | You fall into a shaft and drop 1 floor!
 18134 | D:15     | Entered Level 15 of the Dungeon
 18618 | D:14     | Found a sparkling altar of Nemelex Xobeh.
 19004 | D:14     | Found a runed translucent gate.
 19004 | D:14     | Found a runed translucent gate.
 19006 | D:14     | Noticed a tentacled monstrosity
 19008 | D:14     | Found a runed translucent gate.
 19008 | D:14     | Noticed Dysawode's ghost (journeyman FoFi)
 19062 | D:14     | Killed a tentacled monstrosity
 19071 | D:14     | Killed Dysawode's ghost
 19122 | D:14     | Gained mutation: You occasionally lose the ability to read
                  | scrolls when taking damage. [mutagenic glow]
 19132 | D:14     | Gained mutation: Your magical capacity is low. (-10% MP)
                  | [mutagenic glow]
 19157 | D:14     | Gained mutation: Your muscles are strong. (Str +4, Int/Dex
                  | -1) [mutagenic glow]
 19174 | D:14     | Gained mutation: You are vulnerable to heat. (rF-)
                  | [mutagenic glow]
 19194 | D:14     | Gained mutation: You occasionally shout uncontrollably at
                  | your foes. [mutagenic glow]
 19485 | D:14     | Lost mutation: You occasionally lose the ability to read
                  | scrolls when taking damage. [potion of mutation]
 19485 | D:14     | Lost mutation: You are vulnerable to heat. (rF-) [potion of
                  | mutation]
 19485 | D:14     | Gained mutation: You are strong-willed. (Will+) [potion of
                  | mutation]
 19485 | D:14     | Gained mutation: You expend magic power (3 MP) to
                  | strengthen your wands. [potion of mutation]
 19943 | D:15     | Found a staircase to the Depths.
 20107 | D:15     | Reached skill level 10 in Fighting
 20215 | D:15     | Received a gift from Trog
 21008 | Spider:1 | Entered Level 1 of the Spider Nest
 21199 | Spider:1 | Reached XP level 16. HP: 110/120 MP: 14/14
 21577 | Spider:1 | Received a gift from Trog
 22136 | Spider:2 | You fall into a shaft and drop 1 floor!
 22206 | Spider:2 | Identified the +0 scale mail of Zuatoy {Dex+3}
 22589 | Spider:3 | Identified the ring "Kutuus" {rPois rF+ rC- MP+9 Int+2}
 22958 | Spider:4 | Entered Level 4 of the Spider Nest
 23010 | Spider:4 | Reached skill level 10 in Armour
 23039 | Spider:4 | Reached skill level 10 in Throwing
 23039 | Spider:4 | Gained mutation: Your presence sometimes corrodes those you
                  | injure. [demonic ancestry]
 23039 | Spider:4 | Reached XP level 17. HP: 120/131 MP: 15/15
 23212 | Spider:4 | Received a gift from Trog
 23216 | Spider:4 | Reached skill level 10 in Dodging
 24310 | Spider:4 | Reached skill level 10 in Shields
 24956 | Spider:4 | Got a gossamer rune of Zot
 25179 | Orc:1    | Entered Level 1 of the Orcish Mines
 25239 | Orc:1    | Received a gift from Trog
 25486 | Orc:2    | Entered Level 2 of the Orcish Mines
 25695 | Orc:2    | Found Kaqestrelut's Weapon Shoppe.
 25695 | Orc:2    | Found Visumpoc's Armour Shop.
 25705 | Orc:2    | Found Raonual's Distillery.
 25713 | Orc:2    | Found Qiynib's General Store.
 25719 | Orc:2    | Bought the +3 pair of gauntlets of War {Slay+5} for 617
                  | gold pieces
 25719 | Orc:2    | Found the +3 pair of gauntlets of War {Slay+5}
 25731 | Orc:2    | Bought a +3 chain mail of positive energy for 352 gold
                  | pieces
 25895 | Orc:2    | Found a staircase to the Elven Halls.
 26302 | Orc:1    | Reached skill level 10 in Evocations
 26484 | Swamp:1  | Entered Level 1 of the Swamp
 26487 | Swamp:1  | Received a gift from Trog
 26634 | Swamp:1  | Found a transporter.
 26636 | Swamp:1  | Noticed KineticRobot's ghost (journeyman MiFi)
 26730 | Swamp:1  | Found a transporter.
 27148 | Swamp:1  | Identified the ring of Yesterday {rPois rF+ MP+9 Str+4
                  | Dex-5}
 27149 | Swamp:1  | Killed KineticRobot's ghost
 27275 | Swamp:2  | Gained mutation: You regenerate a lot of health from kills.
                  | [demonic ancestry]
 27275 | Swamp:2  | Reached XP level 18. HP: 94/140 MP: 16/16
 27710 | Swamp:2  | Received a gift from Trog
 28211 | Swamp:3  | Noticed Mlioglotl
 28221 | Swamp:3  | Killed Mlioglotl
 28656 | Swamp:4  | Entered Level 4 of the Swamp
 28733 | Swamp:4  | Got a decaying rune of Zot
 28935 | Swamp:4  | Received a gift from Trog
 29500 | Vaults:1 | Entered Level 1 of the Vaults
 29788 | Vaults:1 | Identified the serpent talisman of Uskayaw's Approval
                  | {rElec rC- rCorr Dex-2}
 29788 | Vaults:1 | Noticed Aizul
 29822 | Vaults:1 | Killed Aizul
 29972 | Vaults:1 | Reached XP level 19. HP: 121/149 MP: 17/17
 30075 | Vaults:1 | Found Eluarim's Book Boutique.
 30191 | Vaults:1 | Identified the +1 hand axe of Big Damage {antimagic, Dex+2}
                  | (Trog gifted it to you on level 1 of the Vaults)
 30191 | Vaults:1 | Received a gift from Trog
 31188 | Vaults:2 | Found Toloz's Weapon Shoppe.
 31189 | Vaults:2 | Found Ryga Mokk's Jewellery Boutique.
 31296 | Vaults:2 | You fall into a shaft and drop 2 floors!
 31496 | Vaults:4 | Noticed Boris
 31509 | Vaults:4 | Killed Boris
 31534 | Vaults:4 | Identified the amulet of Wu Jian, Shifting {Regen+ rCorr
                  | Str-3 Int+3 Slay+2}
 31591 | Vaults:4 | Noticed a golden dragon
 31599 | Vaults:4 | Killed a golden dragon
 31631 | Vaults:4 | Identified the +8 short sword of Valour {flame, *Rage rPois
                  | Int+3}
 31716 | Vaults:4 | Found a crumbling gateway.
 31736 | Desolati | Entered the Desolation of Salt
 31752 | Desolati | Received a gift from Trog
 31826 | Desolati | Got the Information on the Geologist
 31979 | Desolati | Found the +3 pair of seven-league boots {Rampage+∞}
 32055 | Desolati | Received a gift from Trog
 32067 | Desolati | Identified the ring "Umilogie" {rF+ rC+ Will+ Str-5}
 32078 | Desolati | Identified the ring "Piulibre" {Fire Dex+4}
 32160 | Desolati | Identified the +2 ring mail of the Loofah {Will+ rCorr
                  | Slay+2}
 32183 | Desolati | Got Sif Muna's Grimoire of the Heavy Map
 32191 | Desolati | Got the Quarto of Beguiling and the Icicle
 32194 | Desolati | Identified the +6 quarterstaff "Yneotiw" {freeze, rF- rN+
                  | Dex+2}
 32203 | Desolati | Got the Tome of the Torch
 32562 | Vaults:4 | Reached XP level 20. HP: 148/160 MP: 18/18
 32636 | Vaults:4 | Received a gift from Trog
 32891 | Vaults:3 | Reached skill level 15 in Fighting
 32917 | Vaults:3 | Received a gift from Trog
 33392 | Vaults:2 | Noticed Frederick
 33401 | Vaults:2 | Reached skill level 15 in Armour
 33404 | Vaults:2 | Killed Frederick
 33436 | Vaults:2 | Found Plog's Antique Weapon Boutique.
 33475 | Vaults:2 | Found Honlebb's Book Shop.
 33779 | Vaults:2 | Received a gift from Trog
 34036 | Vaults:2 | Found the +3 robe of Clouds {*Thunder rCloud rElec}
 34227 | Vaults:2 | Noticed a golden dragon
 34241 | Vaults:2 | Killed a golden dragon
 34289 | Vaults:2 | Identified the +4 lajatang "Teigh" {heavy, rC++}
 34832 | Vaults:3 | Reached XP level 21. HP: 170/170 MP: 18/18
 35109 | Vaults:3 | Found a staircase to the Crypt.
 35744 | Crypt:1  | Entered Level 1 of the Crypt
 35926 | Vaults:4 | Received a gift from Trog
 36537 | Vaults:5 | Entered Level 5 of the Vaults
 36542 | Vaults:5 | Noticed a dread lich
 36578 | Vaults:4 | Killed a dread lich
 36584 | Vaults:5 | Received a gift from Trog
 36608 | Vaults:5 | Reached skill level 15 in Dodging
 36724 | Vaults:5 | Noticed an ancient lich
 36727 | Vaults:5 | Identified the ring of Beogh's Castigation {Fly rF+ rC-
                  | Str+5 Slay-6}
 36729 | Vaults:5 | Reached skill level 15 in Shields
 36751 | Vaults:5 | Killed an ancient lich
 36786 | Vaults:5 | Identified the +1 orcbow of Ravage {drain, rPois rC+ rN+}
 36826 | Vaults:5 | Received a gift from Trog
 36837 | Vaults:5 | Noticed a golden dragon
 36838 | Vaults:5 | Gained mutation: Your presence sometimes corrodes or
                  | deforms those you injure. [demonic ancestry]
 36838 | Vaults:5 | Reached XP level 22. HP: 160/178 MP: 19/19
 36848 | Vaults:5 | Killed a golden dragon
 37459 | Vaults:5 | Noticed a dread lich
 37469 | Vaults:5 | Killed a dread lich
 37487 | Vaults:5 | Got a silver rune of Zot
 37597 | Vaults:5 | Noticed an ancient lich
 37649 | Vaults:5 | Killed an ancient lich
 37776 | Vaults:5 | Identified the staff "Herutyol" {*Corrode rPois rC+ Dex+6
                  | Stlth+ Ice}
 38425 | Temple   | Fell from the grace of Trog
 38425 | Temple   | Became a worshipper of Qazlal Stormbringer
 38429 | Temple   | Learned a level 2 spell: Wereblood
 39439 | Depths:1 | Entered Level 1 of the Depths
 39455 | Depths:1 | Reached skill level 1 in Invocations
 39672 | Depths:1 | Found a runed translucent door.
 39672 | Depths:1 | Found a shimmering altar of Xom.
 39672 | Depths:1 | Noticed Reshi88's ghost (adept MiFi)
 39673 | Depths:1 | Found the +8 orange crystal plate armour {Archmagi, Int+3
                  | Clar}
 39787 | Depths:1 | Found a gateway to Hell.
 40795 | Depths:1 | Identified a scroll of acquirement
 40802 | Depths:1 | Reached skill level 5 in Invocations
 40806 | Depths:1 | Acquired 921 gold pieces
 41000 | Depths:1 | Reached * piety under Qazlal
 41100 | Depths:1 | Found a one-way gate to the infinite horrors of the Abyss.
 41389 | Depths:1 | Killed Reshi88's ghost
 41397 | Depths:1 | Got the Encyclopedia of the Puissant Jinx
 41678 | Depths:2 | Found a one-way gate leading to the halls of Pandemonium.
 41846 | Depths:2 | Noticed a caustic shrike
 41854 | Depths:2 | Killed a caustic shrike
 41854 | Depths:2 | Reached ** piety under Qazlal
 41895 | Depths:2 | Identified the +3 scale mail of the Vanishing Coins
                  | {Rampage *Slow Int+3 Dex+4}
 41970 | Depths:2 | Found a runed translucent gate.
 41980 | Depths:2 | Found a runed translucent gate.
 41980 | Depths:2 | Noticed Pojesatusi's ghost (adept HOMo)
 41982 | Depths:2 | Found a runed translucent gate.
 41982 | Depths:2 | Identified the ring of Juokea {Wiz rPois rF- rN+}
 42312 | Depths:3 | Reached *** piety under Qazlal
 42317 | Depths:3 | Noticed a caustic shrike
 42322 | Depths:3 | Noticed a caustic shrike
 42325 | Depths:3 | Noticed a caustic shrike
 42325 | Depths:3 | Noticed a caustic shrike
 42331 | Depths:3 | Killed a caustic shrike
 42332 | Depths:3 | Killed a caustic shrike
 42340 | Depths:3 | Killed a caustic shrike
 42343 | Depths:3 | Killed a caustic shrike
 42344 | Depths:3 | Reached XP level 23. HP: 190/190 MP: 26/26
 42394 | Depths:3 | Noticed Norris
 42407 | Depths:3 | Killed Norris
 42683 | Depths:3 | Found a bloodstained altar of Trog.
 42818 | Depths:3 | Found a one-way gateway to a ziggurat.
 42832 | Depths:3 | Identified the +0 leather armour of the Skies Above {+Inv}
 43117 | Depths:4 | Entered Level 4 of the Depths
 43126 | Depths:4 | Reached **** piety under Qazlal
 43127 | Depths:4 | Reached skill level 10 in Invocations
 43409 | Depths:1 | Noticed Boris
 43439 | Depths:1 | Killed Boris
 44580 | Depths:4 | Found a gate to the Realm of Zot.
 44942 | Depths:4 | Identified the +1 great mace of Wyrd {drain, rElec rF- rC+
                  | Dex+2}
 45467 | Elf:1    | Entered Level 1 of the Elven Halls
 45467 | Elf:1    | Found a runed translucent gate.
 45467 | Elf:1    | Found a runed translucent gate.
 45467 | Elf:1    | Found a runed translucent gate.
 45467 | Elf:1    | Found a runed translucent gate.
 45467 | Elf:1    | Found a runed translucent gate.
 45467 | Elf:1    | Found a runed translucent gate.
 45468 | Elf:1    | Found a runed translucent door.
 45470 | Elf:1    | Found a runed translucent door.
 45566 | Elf:1    | Reached ***** piety under Qazlal
 45639 | Elf:1    | Found Xegomuiz's Antique Weapon Boutique.
 45731 | Elf:1    | Got the Information on the Crypt
 46463 | Elf:2    | Found Xiagrakudgh's Armour Shoppe.
 46478 | Elf:2    | Noticed Asterion
 46483 | Elf:2    | Killed Asterion
 46727 | Elf:2    | Found a runed translucent gate.
 46727 | Elf:2    | Found a runed translucent gate.
 46730 | Elf:2    | Found a runed translucent gate.
 46754 | Elf:2    | Reached ****** piety under Qazlal
 47181 | Elf:3    | Entered Level 3 of the Elven Halls
 47249 | Elf:3    | Found a radiant altar of Vehumet.
 47295 | Elf:3    | Reached XP level 24. HP: 170/200 MP: 30/30
 47343 | Elf:3    | Found a runed translucent door.
 47458 | Elf:3    | Identified the +1 robe "Lamoiss" {Will+ Stlth+ Archmagi}
 47471 | Elf:3    | Reached skill level 15 in Invocations
 47474 | Elf:3    | Identified the +5 battleaxe "Weugaeh" {freeze, Fly Str+4}
 47478 | Elf:3    | Identified the +4 spear "Uvurenk" {venom, +Blink}
 47483 | Elf:3    | Identified the +1 plate armour "Mohufiog" {Contam Harm
                  | rCorr}
 47484 | Elf:3    | Identified the +0 scale mail of the Fife {+Blink Will+
                  | Str+5}
 47521 | Elf:3    | Identified the +6 war axe "Zezun" {venom, Dex+2 Stlth+}
 47672 | Elf:3    | Found Ychis's Mayhem Merchandise.
 47918 | Elf:3    | Found the +3 giant club "Skullcrusher" {speed, Str+7}
 47921 | Elf:3    | Identified the +6 arbalest of Cuerolee {elec, rN+ Dex+3
                  | Stlth-}
 47926 | Elf:3    | Identified the +1 hat of Eye-covered Birdsong {-Cast Contam
                  | rElec rF+++}
 47943 | Elf:3    | Identified the +1 ring mail of Follow the Leader {*Slow
                  | Str+3 Dex+8}
 47957 | Elf:3    | Identified the +0 ring mail of the Arcane {Int+2 Dex+3}
 48394 | Slime:1  | Entered Level 1 of the Pits of Slime
 48515 | Slime:2  | Gained mutation: You have hidden genetic defects. [a
                  | shining eye]
 48689 | Slime:5  | Entered Level 5 of the Pits of Slime
 48843 | Slime:5  | Noticed the Royal Jelly
 48868 | Slime:5  | Killed the Royal Jelly
 48886 | Slime:5  | Gained mutation: You frequently scream uncontrollably at
                  | your foes. [hidden defects]
 49020 | Slime:5  | Found the sphere of Battle
 49073 | Slime:5  | Identified the ring of Paranoia {Fire Contam rPois rN+
                  | MP+9}
 49091 | Slime:5  | Identified the +0 mace "Jikkeps" {drain, Str+3}
 49101 | Slime:5  | Identified the +6 spear of Rocuott {venom, rF+ Str+2 Dex+3}
 49118 | Slime:5  | Got a slimy rune of Zot
 49133 | Slime:5  | Identified the +5 helmet of Atheism {rElec Regen+ rCorr
                  | Int-4}
 49661 | Depths:1 | Voluntarily entered the Abyss.
 50022 | Abyss:2  | Gained mutation: You are clumsy. (Dex -2) [hidden defects]
 50022 | Abyss:2  | Lost mutation: You have hidden genetic defects. [hidden
                  | defects expressed]
 50137 | Abyss:2  | Gained mutation: You can speak a Word of Chaos. [demonic
                  | ancestry]
 50137 | Abyss:2  | Reached XP level 25. HP: 199/210 MP: 32/32
 50550 | Abyss:3  | Identified the +7 ring mail of Gennysmez {Drain rElec
                  | Regen+ Int+2}
 50937 | Abyss:3  | Paralysed by accursed screaming for 1 turns
 50952 | Abyss:3  | Found a corrupted altar of Lugonu.
 50952 | Abyss:3  | Found a corrupted altar of Lugonu.
 50972 | Abyss:3  | Got an abyssal rune of Zot
 51079 | Depths:1 | Escaped the Abyss
 51348 | Vaults:1 | Paralysed by Trog for 2 turns
 52482 | Crypt:2  | Noticed Margery
 52490 | Crypt:2  | Killed Margery
 52491 | Crypt:2  | Identified the +5 tower shield of Death's Door {+Inv Fly
                  | Str+5 Dex-3}
 52491 | Crypt:2  | Noticed Mennas
 52542 | Crypt:2  | Killed Mennas
 52916 | Crypt:2  | Gained mutation: You are completely covered in sharp
                  | spines. [demonic ancestry]
 52916 | Crypt:2  | Reached XP level 26. HP: 220/220 MP: 33/33
 53164 | Crypt:3  | Entered Level 3 of the Crypt
 53419 | Crypt:3  | Reached XP level 27. HP: 228/228 MP: 33/33
 53506 | Crypt:3  | Found an ancient bone altar of Kikubaaqudgha.
 53889 | Crypt:3  | Found the +8 Wrath of Trog {antimagic, *Rage Rampage}
 53912 | Crypt:3  | Identified the ring "Cocouc" {rC+ Str+4}
 53982 | Crypt:3  | Found the +6 Majin-Bo {spellvamp, MP+6 Int+6}
 54556 | Crypt:3  | Found a staircase to the Tomb.
 54564 | Crypt:3  | Upgraded the game from 0.31-a0-1059-g83d41fd8b6 to
                  | 0.31-a0-1066-g35875b34c7
 54996 | Lair:1   | Was forgiven by Trog
 55953 | Pan      | Entered Pandemonium
 56057 | Pan      | Reached skill level 10 in Shapeshifting
 56596 | Pan      | Noticed Jecuts the pandemonium lord
 56630 | Pan      | Killed Jecuts the pandemonium lord
 56844 | Pan      | Gained mutation: Potions are less effective at restoring
                  | your health. [a neqoxec]
 57742 | Pan      | Noticed Ninoamask the pandemonium lord
 57750 | Pan      | Killed Ninoamask the pandemonium lord
 57970 | Pan      | Lost mutation: Your muscles are strong. (Str +4, Int/Dex
                  | -1) [a cacodemon]
 57999 | Pan      | Identified the ring "Pisio" {AC+4 Str+2 Int+4}
 58305 | Pan      | Found a transporter.
 58389 | Pan      | Gained mutation: You are weak. (Str -2) [a neqoxec]
 58396 | Pan      | Lost mutation: You are strong-willed. (Will+) [potion of
                  | mutation]
 58396 | Pan      | Lost mutation: Your magical capacity is low. (-10% MP)
                  | [potion of mutation]
 58397 | Pan      | Lost mutation: You are weak. (Str -2) [potion of mutation]
 58397 | Pan      | Lost mutation: Potions are less effective at restoring your
                  | health. [potion of mutation]
 58397 | Pan      | Lost mutation: You frequently scream uncontrollably at your
                  | foes. [potion of mutation]
 58397 | Pan      | Gained mutation: Armour fits poorly on your strangely
                  | shaped body. [potion of mutation]
 58397 | Pan      | Gained mutation: You have hidden genetic potential. [potion
                  | of mutation]
 58398 | Pan      | Lost mutation: You have hidden genetic potential. [potion
                  | of mutation]
 58398 | Pan      | Lost mutation: You occasionally shout uncontrollably at
                  | your foes. [potion of mutation]
 58398 | Pan      | Lost mutation: You expend magic power (3 MP) to strengthen
                  | your wands. [potion of mutation]
 58398 | Pan      | Gained mutation: You are weak. (Str -2) [potion of
                  | mutation]
 58398 | Pan      | Gained mutation: You occasionally lose the ability to read
                  | scrolls when taking damage. [potion of mutation]
 58398 | Pan      | Lost mutation: You are weak. (Str -2) [potion of mutation]
 58399 | Pan      | Lost mutation: You are clumsy. (Dex -2) [potion of
                  | mutation]
 58399 | Pan      | Lost mutation: Armour fits poorly on your strangely shaped
                  | body. [potion of mutation]
 58399 | Pan      | Lost mutation: You occasionally lose the ability to read
                  | scrolls when taking damage. [potion of mutation]
 58399 | Pan      | Gained mutation: You passively dampen the noise of your
                  | surroundings. [potion of mutation]
 58490 | Pan      | Found a transporter.
 58510 | Pan      | Gained mutation: You are clumsy. (Dex -2) [a cacodemon]
 59115 | Pan      | Gained mutation: You are dopey. (Int -2) [a cacodemon]
 59122 | Pan      | Gained mutation: You are weak. (Str -2) [a cacodemon]
 59258 | Pan      | Identified the ring of Uhanwol {rPois rF+ Int+4 Dex+2}
 59278 | Pan      | Identified the amulet of Juror {Regen+ Slay+3}
 59464 | Pan      | Noticed Riehepp the pandemonium lord
 59849 | Pan      | Killed Riehepp the pandemonium lord
 59850 | Pan      | Reached skill level 15 in Shapeshifting
 60183 | Pan      | Acquired the +4 pair of gloves of Fanaticism {Contam rN+
                  | Will+ Regen+}
 60195 | Pan      | Acquired a manual of Throwing
 60196 | Pan      | Acquired a manual of Axes
 60249 | Pan      | Learned a level 4 spell: Vhi's Electric Charge
 60251 | Pan      | Learned a level 1 spell: Apportation
 60254 | Pan      | Learned a level 2 spell: Lesser Beckoning
 60353 | Pan      | Noticed Wowill the pandemonium lord
 60373 | Pan      | Reached skill level 1 in Translocations
 60373 | Pan      | Reached skill level 1 in Air Magic
 60375 | Pan      | Reached skill level 1 in Spellcasting
 60386 | Pan      | Killed Wowill the pandemonium lord
 60909 | Pan      | Found a runed translucent door.
 61124 | Pan      | Acquired a manual of Armour
 61337 | Pan      | Got a demonic rune of Zot
 61858 | Pan      | Noticed Cunoun Syuf the pandemonium lord
 61885 | Pan      | Killed Cunoun Syuf the pandemonium lord
 62142 | Pan      | Reached skill level 5 in Spellcasting
 62142 | Pan      | Reached skill level 5 in Translocations
 62247 | Pan      | Reached skill level 5 in Air Magic
 62353 | Pan      | Entered the realm of Lom Lobon.
 62379 | Pan      | Reached skill level 1 in Transmutations
 62504 | Pan      | Noticed Lom Lobon
 62511 | Pan      | Killed Lom Lobon
 62673 | Pan      | Got a magical rune of Zot
 63301 | Pan      | Identified the +1 robe "Ynashof" {rElec Int+4}
 63304 | Pan      | Found an exit through the horrors of the Abyss.
 63624 | Pan      | Entered the realm of Mnoleg.
 63694 | Pan      | Noticed Mnoleg
 63727 | Pan      | Killed Mnoleg
 63738 | Pan      | Gained mutation: You are frail. (-10% HP) [a neqoxec]
 63952 | Pan      | Gained mutation: Your magical capacity is low. (-10% MP) [a
                  | cacodemon]
 63982 | Pan      | Gained mutation: You are very clumsy. (Dex -4) [a neqoxec]
 64044 | Pan      | Found an exit through the horrors of the Abyss.
 64195 | Pan      | Gained mutation: Your magical capacity is very low. (-20%
                  | MP) [a cacodemon]
 64200 | Pan      | Reached skill level 5 in Transmutations
 64381 | Pan      | Gained mutation: You are occasionally teleported next to
                  | monsters. [a neqoxec]
 64509 | Pan      | Got a glowing rune of Zot
 64598 | Pan      | Gained mutation: You are very frail. (-20% HP) [a neqoxec]
 64620 | Pan      | Lost mutation: You are weak. (Str -2) [potion of mutation]
 64620 | Pan      | Lost mutation: You passively dampen the noise of your
                  | surroundings. [potion of mutation]
 64620 | Pan      | Lost mutation: You are very frail. (-20% HP) [potion of
                  | mutation]
 64621 | Pan      | Lost mutation: You are frail. (-10% HP) [potion of
                  | mutation]
 64621 | Pan      | Lost mutation: You are very clumsy. (Dex -4) [potion of
                  | mutation]
 64621 | Pan      | Lost mutation: Your magical capacity is very low. (-20% MP)
                  | [potion of mutation]
 64621 | Pan      | Gained mutation: You passively map a small area around you.
                  | [potion of mutation]
 64622 | Pan      | Lost mutation: You are dopey. (Int -2) [potion of mutation]
 64622 | Pan      | Lost mutation: Your magical capacity is low. (-10% MP)
                  | [potion of mutation]
 64622 | Pan      | Gained mutation: Your magical capacity is low. (-10% MP)
                  | [potion of mutation]
 64622 | Pan      | Gained mutation: You have sharp toenails. [potion of
                  | mutation]
 64623 | Pan      | Lost mutation: You are clumsy. (Dex -2) [potion of
                  | mutation]
 64623 | Pan      | Lost mutation: You passively map a small area around you.
                  | [potion of mutation]
 64623 | Pan      | Lost mutation: You have sharp toenails. [potion of
                  | mutation]
 64623 | Pan      | Gained mutation: You are frail. (-10% HP) [potion of
                  | mutation]
 64623 | Pan      | Gained mutation: You passively map a small area around you.
                  | [potion of mutation]
 64624 | Pan      | Lost mutation: You are occasionally teleported next to
                  | monsters. [potion of mutation]
 64624 | Pan      | Lost mutation: Your magical capacity is low. (-10% MP)
                  | [potion of mutation]
 64624 | Pan      | Gained mutation: Your muscles are strong. (Str +4, Int/Dex
                  | -1) [potion of mutation]
 64624 | Pan      | Gained mutation: Your magical capacity is low. (-10% MP)
                  | [potion of mutation]
 64624 | Pan      | Gained mutation: You sometimes lose your temper in combat.
                  | [potion of mutation]
 64625 | Pan      | Lost mutation: You passively map a small area around you.
                  | [potion of mutation]
 64625 | Pan      | Lost mutation: Your muscles are strong. (Str +4, Int/Dex
                  | -1) [potion of mutation]
 64625 | Pan      | Lost mutation: You sometimes lose your temper in combat.
                  | [potion of mutation]
 64625 | Pan      | Gained mutation: Your spells are a little harder to cast,
                  | but a little more powerful. [potion of mutation]
 64625 | Pan      | Gained mutation: You are agile. (Dex +4, Str/Int -1)
                  | [potion of mutation]
 64980 | Pan      | Noticed Micuoh the pandemonium lord
 65003 | Pan      | Killed Micuoh the pandemonium lord
 65248 | Pan      | Found an exit through the horrors of the Abyss.
 65720 | Pan      | Found an exit through the horrors of the Abyss.
 65818 | Pan      | Noticed Fetsosir the pandemonium lord
 65865 | Pan      | Entered the realm of Cerebov.
 65923 | Pan      | Found the +6 sword of Cerebov {flame}
 65923 | Pan      | Noticed Cerebov
 66041 | Pan      | Killed Cerebov
 66156 | Pan      | Identified the +3 scimitar of Tiejakad {heavy, Str+5}
 66297 | Pan      | Identified the +0 leather armour of Kuibraso {Rampage rElec
                  | rCorr Int-2}
 66313 | Pan      | Identified the +0 plate armour of Vaehyu {+Inv rN+}
 66330 | Pan      | Identified the ring of Past Mistakes {Fire *Slow Int-2
                  | Dex+8 SInv}
 66391 | Pan      | Got a fiery rune of Zot
 66602 | Pan      | Identified the +6 short sword "Wisios" {pain, Will+ Int-3
                  | Dex+2}
 67209 | Pan      | Noticed Vata the pandemonium lord
 67227 | Pan      | Killed Vata the pandemonium lord
 67272 | Pan      | Gained mutation: You expend magic power (3 MP) to
                  | strengthen your wands. [a cacodemon]
 67354 | Pan      | Gained mutation: You are weak. (Str -2) [a neqoxec]
 67573 | Pan      | Found an exit through the horrors of the Abyss.
 67794 | Pan      | Noticed Kienilo the pandemonium lord
 67812 | Pan      | Killed Kienilo the pandemonium lord
 68164 | Pan      | Found an exit through the horrors of the Abyss.
 68426 | Pan      | Entered the realm of Gloorx Vloq.
 68912 | Pan      | Reached skill level 10 in Air Magic
 68954 | Pan      | Noticed Gloorx Vloq
 68968 | Pan      | Killed Gloorx Vloq
 69064 | Pan      | Got a dark rune of Zot
 69185 | Pan      | Reached skill level 10 in Translocations
 69294 | Pan      | Found an exit through the horrors of the Abyss.
 69672 | Pan      | Gained mutation: You are vulnerable to cold. (rC-) [a
                  | cacodemon]
 69692 | Pan      | Noticed Racewat the pandemonium lord
 69708 | Pan      | Killed Racewat the pandemonium lord
 69711 | Pan      | Gained mutation: You are resistant to electric shocks.
                  | (rElec) [a neqoxec]
 69917 | Pan      | Identified the +1 scale mail of Ceodghegg {rElec}
 70268 | Depths:2 | Escaped Pandemonium
 70360 | Depths:2 | Lost mutation: You are weak. (Str -2) [potion of mutation]
 70360 | Depths:2 | Lost mutation: You expend magic power (3 MP) to strengthen
                  | your wands. [potion of mutation]
 70360 | Depths:2 | Lost mutation: Your magical capacity is low. (-10% MP)
                  | [potion of mutation]
 70360 | Depths:2 | Gained mutation: You are very agile. (Dex +8, Str/Int -2)
                  | [potion of mutation]
 70360 | Depths:2 | Gained mutation: You are very vulnerable to cold. (rC--)
                  | [potion of mutation]
 70360 | Depths:2 | Lost mutation: You are very agile. (Dex +8, Str/Int -2)
                  | [potion of mutation]
 70361 | Depths:2 | Lost mutation: You are frail. (-10% HP) [potion of
                  | mutation]
 70361 | Depths:2 | Lost mutation: You are agile. (Dex +4, Str/Int -1) [potion
                  | of mutation]
 70361 | Depths:2 | Gained mutation: You are dopey. (Int -2) [potion of
                  | mutation]
 70361 | Depths:2 | Gained mutation: You are strong-willed. (Will+) [potion of
                  | mutation]
 70362 | Depths:2 | Lost mutation: You are resistant to electric shocks.
                  | (rElec) [potion of mutation]
 70362 | Depths:2 | Lost mutation: You are very vulnerable to cold. (rC--)
                  | [potion of mutation]
 70362 | Depths:2 | Gained mutation: You have very sharp teeth. [potion of
                  | mutation]
 70362 | Depths:2 | Gained mutation: You are weak. (Str -2) [potion of
                  | mutation]
 70363 | Depths:2 | Lost mutation: You have very sharp teeth. [potion of
                  | mutation]
 70363 | Depths:2 | Lost mutation: You are vulnerable to cold. (rC-) [potion of
                  | mutation]
 70363 | Depths:2 | Lost mutation: You are strong-willed. (Will+) [potion of
                  | mutation]
 70363 | Depths:2 | Gained mutation: Your body sometimes deteriorates upon
                  | taking damage. [potion of mutation]
 70363 | Depths:2 | Gained mutation: Your system is resistant to poisons.
                  | (rPois) [potion of mutation]
 70364 | Depths:2 | Lost mutation: Your system is resistant to poisons. (rPois)
                  | [potion of mutation]
 70364 | Depths:2 | Lost mutation: You are dopey. (Int -2) [potion of mutation]
 70364 | Depths:2 | Lost mutation: You are weak. (Str -2) [potion of mutation]
 70364 | Depths:2 | Gained mutation: You passively map a small area around you.
                  | [potion of mutation]
 70364 | Depths:2 | Gained mutation: You have hidden genetic potential. [potion
                  | of mutation]
 70364 | Depths:2 | Gained mutation: Your mind is acute. (Int +4, Str/Dex -1)
                  | [potion of mutation]
 70421 | Hell     | Entered the Vestibule of Hell
 70421 | Hell     | Noticed Geryon
 70454 | Hell     | Killed Geryon
 70687 | Hell     | Found a gateway to the decaying netherworld of Tartarus.
 70939 | Hell     | Found a gateway to the Iron City of Dis.
 71019 | Hell     | Found a gateway to the freezing wastes of Cocytus.
 71111 | Hell     | Found a gateway to the ashen valley of Gehenna.
 71277 | Coc:1    | Entered Level 1 of Cocytus
 71301 | Coc:1    | Paralysed by a wendigo for 1 turns
 71310 | Coc:1    | Noticed a dread lich
 71329 | Coc:1    | Killed a dread lich
 71614 | Coc:2    | Paralysed by a wendigo for 1 turns
 71787 | Coc:3    | Paralysed by a wendigo for 1 turns
 71881 | Coc:4    | Paralysed by a wendigo for 1 turns
 72036 | Coc:5    | Reached skill level 10 in Transmutations
 72168 | Coc:6    | Noticed a dread lich
 72203 | Coc:6    | Killed a dread lich
 72388 | Coc:7    | Entered Level 7 of Cocytus
 72392 | Coc:7    | Paralysed by a wendigo for 1 turns
 72718 | Coc:7    | Paralysed by a wendigo for 1 turns
 72896 | Coc:7    | Gained mutation: Your mind is very acute. (Int +8, Str/Dex
                  | -2) [hidden potential]
 72910 | Coc:7    | Paralysed by a wendigo for 1 turns
 73000 | Coc:7    | Identified the staff "Hihuil" {rF+ Str+5 Fire}
 73666 | Coc:7    | Noticed Antaeus
 73721 | Coc:7    | Killed Antaeus
 73781 | Coc:7    | Got an icy rune of Zot
 73782 | Coc:7    | Identified the ring of the Good {rN+ Will+ Str+6 Stlth-}
 73981 | Geh:1    | Entered Level 1 of Gehenna
 74025 | Geh:1    | Reached skill level 10 in Spellcasting
 75599 | Geh:7    | Entered Level 7 of Gehenna
 75704 | Geh:7    | Gained mutation: Your flesh is cold resistant. (rC+)
                  | [hidden potential]
 75704 | Geh:7    | Lost mutation: You have hidden genetic potential. [hidden
                  | potential expressed]
 75834 | Geh:7    | Identified the +1 leather armour of Rafipog {rPois Will+
                  | Int+2 Stlth-}
 76449 | Geh:7    | Found the +13 sceptre of Asmodeus
 76449 | Geh:7    | Noticed Asmodeus
 76478 | Geh:7    | Killed Asmodeus
 76549 | Geh:7    | Got an obsidian rune of Zot
 77117 | Tar:1    | Entered Level 1 of Tartarus
 77779 | Tar:3    | Noticed a dread lich
 77797 | Tar:3    | Killed a dread lich
 78084 | Tar:5    | Noticed a dread lich
 78099 | Tar:5    | Killed a dread lich
 78185 | Tar:5    | You fall into a shaft and drop 1 floor!
 78209 | Tar:6    | Noticed a dread lich
 78222 | Tar:6    | Killed a dread lich
 78233 | Tar:6    | Noticed an ancient lich
 78233 | Tar:6    | Noticed an ancient lich
 78504 | Tar:6    | Killed an ancient lich
 78510 | Tar:6    | Killed an ancient lich
 78690 | Tar:7    | Entered Level 7 of Tartarus
 78923 | Tar:7    | Reached skill level 15 in Air Magic
 78947 | Tar:7    | Reached skill level 15 in Translocations
 79272 | Tar:7    | Identified the +2 robe of the Skiapode {-Tele Fly rN+ MP+9}
 79735 | Tar:7    | Noticed Ereshkigal
 79757 | Tar:7    | Killed Ereshkigal
 79825 | Tar:7    | Got a bone rune of Zot
 79881 | Tar:7    | Identified the +10 battleaxe of Awkwardness {vamp, Fly
                  | Str+4}
 80859 | Tar:7    | Identified the ring "Netum" {rC+ Will+ Slay+2}
 80898 | Tar:7    | Identified the +2 trident "Demonspawn's Peril" {antimagic,
                  | rCorr Str+2 Int+4 Stlth+}
 81038 | Dis:1    | Entered Level 1 of the Iron City of Dis
 82558 | Dis:5    | You fall into a shaft and drop 1 floor!
 82839 | Dis:7    | Entered Level 7 of the Iron City of Dis
 83140 | Dis:7    | Noticed a dread lich
 83156 | Dis:7    | Killed a dread lich
 83550 | Dis:7    | Noticed a juggernaut
 83568 | Dis:7    | Killed a juggernaut
 83610 | Dis:7    | Noticed Dispater
 83653 | Dis:7    | Killed Dispater
 83759 | Dis:7    | Identified the +4 quarterstaff of Ezes {flame, Str+3}
 83765 | Dis:7    | Got an iron rune of Zot
 83768 | Dis:7    | Identified the +9 orcbow "Roanto" {speed, rF+ Dex+4}
 84049 | Dis:7    | Noticed a juggernaut
 84068 | Dis:7    | Killed a juggernaut
 84087 | Dis:7    | Identified the +0 cloak of the Bruised Suns {Rampage rPois
                  | Dex+2 Slay-5}
 84262 | Dis:7    | Noticed a juggernaut
 84276 | Dis:7    | Killed a juggernaut
 84312 | Dis:7    | Identified the +9 sling "Waivaudgho" {flame, rPois Str+9
                  | Dex-2}
 85048 | Tomb:1   | Entered Level 1 of the Tomb of the Ancients
 85576 | Zig:1    | Entered Level 1 of a ziggurat
 85589 | Zig:2    | Entered Level 2 of a ziggurat
 85612 | Zig:3    | Entered Level 3 of a ziggurat
 85612 | Zig:3    | Noticed an ancient lich
 85621 | Zig:3    | Killed an ancient lich
 85642 | Zig:4    | Entered Level 4 of a ziggurat
 85642 | Zig:4    | Noticed Diuhererph the pandemonium lord
 85665 | Zig:4    | Killed Diuhererph the pandemonium lord
 85682 | Zig:4    | Identified the +4 quarterstaff "Rogyvibb" {venom, Str+3
                  | Dex+8}
 85688 | Zig:5    | Entered Level 5 of a ziggurat
 85711 | Zig:5    | Identified the +11 war axe of the Crushed Prophets {venom,
                  | rPois Int+4 Dex+3}
 85720 | Zig:6    | Entered Level 6 of a ziggurat
 85748 | Zig:6    | Identified the +0 leather armour of Vehumet's Generosity
                  | {Drain rC+++ Regen+ Dex-4}
 85777 | Zig:7    | Entered Level 7 of a ziggurat
 85801 | Zig:7    | Identified the +5 ring mail of the Harvest Moon {Rampage
                  | Dex+3}
 85807 | Zig:7    | Identified the +1 great mace "Qeloes" {antimagic, +Blink
                  | Str+3}
 85833 | Zig:8    | Entered Level 8 of a ziggurat
 85837 | Zig:8    | Noticed Wousuv the pandemonium lord
 85837 | Zig:8    | Noticed Pifah the pandemonium lord
 85837 | Zig:8    | Found the ring of the Mage {Wiz Archmagi}
 85849 | Zig:8    | Killed Pifah the pandemonium lord
 85859 | Zig:8    | Killed Wousuv the pandemonium lord
 85875 | Zig:8    | Identified the ring "Xoics" {MP+9 Int+3}
 85915 | Zig:9    | Entered Level 9 of a ziggurat
 85982 | Zig:10   | Entered Level 10 of a ziggurat
 86024 | Zig:10   | Identified the amulet "Ablumnini" {Spirit Drain rN+ Int+3}
 86031 | Zig:10   | Identified the staff of Superiority {rElec Str-2 Int+3
                  | Dex+2 Air}
 86059 | Zig:11   | Entered Level 11 of a ziggurat
 86064 | Zig:11   | Noticed Zoffif the pandemonium lord
 86065 | Zig:11   | Noticed Xakuuleoh the pandemonium lord
 86065 | Zig:11   | Noticed Bongik Aboikk the pandemonium lord
 86087 | Zig:11   | Killed Xakuuleoh the pandemonium lord
 86088 | Zig:11   | Killed Zoffif the pandemonium lord
 86091 | Zig:11   | Killed Bongik Aboikk the pandemonium lord
 86104 | Zig:11   | Identified the +1 short sword of Igruab {vamp, rF+ Str+4}
 86105 | Zig:11   | Identified the +0 halberd "Killer Bee's Curse" {flame,
                  | rPois Dex+6}
 86106 | Zig:11   | Identified the scarf of Ignis's Approval {shadows, rElec
                  | Int+3 Dex-3 Slay+3}
 86120 | Zig:11   | Identified the +0 pair of gloves of Cunaoseet {Fly rC-
                  | Dex+3 SInv}
 86182 | Zig:12   | Entered Level 12 of a ziggurat
 86186 | Zig:12   | Noticed Deuppiun the pandemonium lord
 86187 | Zig:12   | Noticed Xanwam the pandemonium lord
 86187 | Zig:12   | Noticed Nicag the pandemonium lord
 86191 | Zig:12   | Noticed Yntesaz the pandemonium lord
 86203 | Zig:12   | Killed Xanwam the pandemonium lord
 86208 | Zig:12   | Killed Yntesaz the pandemonium lord
 86208 | Zig:12   | Killed Nicag the pandemonium lord
 86217 | Zig:12   | Killed Deuppiun the pandemonium lord
 86244 | Zig:12   | Identified the amulet "Earthly Heaven" {Spirit Contam rElec
                  | rF++ Regen+}
 86250 | Zig:12   | Identified the staff of Grandeur {rPois rC- Will+ Dex+3
                  | Earth}
 86315 | Zig:13   | Entered Level 13 of a ziggurat
 86322 | Zig:13   | Noticed an orb of fire
 86322 | Zig:13   | Noticed an orb of fire
 86323 | Zig:13   | Killed an orb of fire
 86328 | Zig:13   | Gained mutation: You are clumsy. (Dex -2) [an orb of fire]
 86331 | Zig:13   | Gained mutation: Your body often deteriorates upon taking
                  | damage. [an orb of fire]
 86333 | Zig:13   | Gained mutation: You occasionally lose the ability to drink
                  | potions when taking damage. [an orb of fire]
 86337 | Zig:13   | Killed an orb of fire
 86361 | Zig:13   | Identified the ring "Ruwauwn" {rElec Will- rCorr Str+6
                  | Dex+3}
 86433 | Zig:14   | Entered Level 14 of a ziggurat
 86491 | Zig:14   | Found the ring of the Hare {EV+10}
 86496 | Zig:14   | Identified the +9 rapier "Jucypn" {heavy, Int+3 SInv}
 86500 | Zig:14   | Identified the ring "Usokianoa" {Fire Int+3}
 86502 | Zig:14   | Got the Handbook of the Snowflakes and Geology
 86507 | Zig:14   | Identified the +2 robe "Dezianwo" {Slay+4 Stlth+}
 86508 | Zig:14   | Identified the orb of Aripedog {light, rC- Will++}
 86511 | Zig:14   | Identified the staff of Ilaatwaf {rPois rF+ Poison}
 86572 | Zig:15   | Entered Level 15 of a ziggurat
 86589 | Zig:15   | Paralysed by accursed screaming for 1 turns
 86601 | Zig:15   | Paralysed by accursed screaming for 1 turns
 86604 | Zig:15   | Lost mutation: Your spells are a little harder to cast, but
                  | a little more powerful. [a neqoxec]
 86616 | Zig:15   | Found the amulet of the Air {Inacc Air Fly rElec RMsl}
 86632 | Zig:15   | Identified the +10 war axe "Izetey" {elec, rF- Str+2 Int+3}
 86634 | Zig:15   | Identified the +1 pair of boots of Toothy Freedom {rN+
                  | rCorr Slay-2}
 86638 | Zig:15   | Identified the staff of Eternal War {Fly rC+ Ice}
 86641 | Zig:15   | Identified the +6 shortbow of the Lair of Beasts {elec, rF+
                  | rC+++ Int+2 Dex-3}
 86718 | Zig:16   | Entered Level 16 of a ziggurat
 86850 | Zig:17   | Entered Level 17 of a ziggurat
 86905 | Zig:17   | Got the Compilation of the Charged Oath
 86915 | Zig:17   | Identified the +9 war axe of Hyagown {flame, rElec rF+ rC-
                  | Dex+2}
 86929 | Zig:17   | Identified the amulet of Asmomur {Acrobat Drain rElec rC+}
 86930 | Zig:17   | Identified the granite talisman "Meyh" {rN+}
 86934 | Zig:17   | Identified the amulet of the Jester {Reflect Will+ rCorr
                  | Str+3 Slay-3 SH+5}
 87010 | Zig:18   | Entered Level 18 of a ziggurat
 87144 | Zig:18   | Identified the ring of Jieghao {Will- AC+4 Str+2 Dex+7
                  | SInv}
 87148 | Zig:18   | Got the Annotations on Nausea
 87160 | Zig:18   | Identified the +7 lajatang of Disembowelment {holy, Int+3}
 87167 | Zig:18   | Identified the +0 steam dragon scales of Kikubaaqudgha's
                  | Esteem {Dex+5}
 87168 | Zig:18   | Identified the +6 dagger of Uharuuw {flame, rC++}
 87204 | Zig:19   | Entered Level 19 of a ziggurat
 87214 | Zig:19   | Noticed a dread lich
 87214 | Zig:19   | Noticed an ancient lich
 87216 | Zig:19   | Noticed a dread lich
 87218 | Zig:19   | Noticed an ancient lich
 87219 | Zig:19   | Noticed a dread lich
 87225 | Zig:19   | Killed a dread lich
 87225 | Zig:19   | Killed a dread lich
 87225 | Zig:19   | Killed an ancient lich
 87225 | Zig:19   | Killed an ancient lich
 87226 | Zig:19   | Reached skill level 27 in Invocations
 87236 | Zig:19   | Killed a dread lich
 87250 | Zig:19   | Found the +2 hat of the Bear Spirit {Spirit, Bear, *Rage
                  | Will++}
 87265 | Zig:19   | Identified the +3 great mace of Conservatism {protect,
                  | rPois}
 87268 | Zig:19   | Identified the ring "Bettoj" {rElec AC+4 Dex+4}
 87364 | Zig:20   | Entered Level 20 of a ziggurat
 87456 | Zig:20   | Identified the staff of Callousness {+Blink rF+ rN+ Str+4
                  | Dex-3 Necro}
 87463 | Zig:20   | Identified the +2 quick blade "Dysick" {venom, rElec rF+
                  | SInv}
 87464 | Zig:20   | Identified the +5 quarterstaff of Wyrd {venom, rC+ Stlth+}
 87478 | Zig:20   | Got the Grimoire of Macabre Transmigration
 87482 | Zig:20   | Identified the +1 robe of Hedging {rElec Archmagi}
 87486 | Zig:20   | Identified the +0 pair of boots of Vexation {rC- rCorr
                  | Int-5 Dex+8}
 87573 | Zig:21   | Entered Level 21 of a ziggurat
 87794 | Zig:22   | Entered Level 22 of a ziggurat
 87819 | Zig:22   | Noticed a dread lich
 87823 | Zig:22   | Noticed an ancient lich
 87825 | Zig:22   | Noticed a dread lich
 87829 | Zig:22   | Noticed a dread lich
 87831 | Zig:22   | Noticed a dread lich
 87834 | Zig:22   | Killed a dread lich
 87834 | Zig:22   | Killed an ancient lich
 87834 | Zig:22   | Killed a dread lich
 87834 | Zig:22   | Killed a dread lich
 87840 | Zig:22   | Killed a dread lich
 87920 | Zig:22   | Found the +8 frozen axe "Frostbite" {freeze, freezing
                  | cloud, *Noise Fly rC+}
 87923 | Zig:22   | Identified the +9 pearl dragon scales "Keroax" {rF+ rN+
                  | Str-2 Int+8 Dex+2}
 87925 | Zig:22   | Got the Atlas of Transmutation and Generation
 87927 | Zig:22   | Identified the +4 morningstar of the Gazing Scorpion
                  | {freeze, Str+2}
 87934 | Zig:22   | Identified the ring "Negohuaq" {rCorr Dex+2 SInv}
 87953 | Zig:22   | Identified the +3 troll leather armour of Zin's Pride
                  | {rPois Regen+}
 87957 | Zig:22   | Identified the staff "Oroyw" {rF+ Conj}
 87959 | Zig:22   | Identified the +10 double sword of Beogh, Loving {protect,
                  | rCorr Int+2}
 87966 | Zig:22   | Identified the +5 long sword "Cesen" {holy, Contam rElec
                  | Dex+6 Stlth+}
 88058 | Zig:23   | Entered Level 23 of a ziggurat
 88218 | Zig:23   | Found the +16 obsidian axe {drain, demonic, Mesm Drain Fly
                  | SInv}
 88220 | Zig:23   | Found the +8 trident of the Octopus King {venom, rElec
                  | rPois}
 88224 | Zig:23   | Identified the orb of the Unbroken {mayhem, Rampage rC+
                  | MP+9 Dex-2}
 88228 | Zig:23   | Identified the +3 chain mail of Ru's Felicitations {Fly rF-
                  | Dex+3 Slay+3}
 88234 | Zig:23   | Identified the +1 great sword of Cocytus {venom, rF+ Dex+2}
 88245 | Zig:23   | Identified the amulet of Raviefa {Faith rElec Will+ Dex+3
                  | SInv}
 88257 | Zig:23   | Identified the +1 quarterstaff of Liruq {freeze, Fly rPois
                  | Str+6}
 88261 | Zig:23   | Got Moesaila's Secrets of the Incendiary Nimbus
 88368 | Zig:24   | Entered Level 24 of a ziggurat
 88383 | Zig:24   | Noticed an ancient lich
 88384 | Zig:24   | Noticed a dread lich
 88384 | Zig:24   | Noticed an ancient lich
 88384 | Zig:24   | Noticed a dread lich
 88384 | Zig:24   | Noticed an ancient lich
 88385 | Zig:24   | Noticed an ancient lich
 88390 | Zig:24   | Noticed a dread lich
 88391 | Zig:24   | Noticed a dread lich
 88394 | Zig:24   | Killed a dread lich
 88394 | Zig:24   | Killed an ancient lich
 88394 | Zig:24   | Killed an ancient lich
 88394 | Zig:24   | Killed a dread lich
 88394 | Zig:24   | Killed a dread lich
 88394 | Zig:24   | Noticed a dread lich
 88398 | Zig:24   | Killed an ancient lich
 88399 | Zig:24   | Killed an ancient lich
 88402 | Zig:24   | Noticed a dread lich
 88404 | Zig:24   | Killed a dread lich
 88421 | Zig:24   | Killed a dread lich
 88425 | Zig:24   | Killed a dread lich
 88464 | Zig:24   | Found the amulet of the Four Winds {rN+ Will+++ Clar}
 88468 | Zig:24   | Identified the +5 rapier "Eskiwkoy" {freeze, Drain Str+3
                  | SInv}
 88477 | Zig:24   | Identified the +0 pair of gloves of the Mauling Gods {*Slow
                  | rElec Slay+3}
 88489 | Zig:24   | Identified the +5 great sword "Qoecatas" {heavy, rC+ rCorr
                  | MP+9 Stlth-}
 88490 | Zig:24   | Identified the +3 long sword of the Dark Horse {drain,
                  | rElec Str+5}
 88607 | Zig:25   | Entered Level 25 of a ziggurat
 88707 | Zig:25   | Found the +2 hood of the Assassin {Detect Stab+ Stlth++}
 88713 | Zig:25   | Identified the +10 battleaxe "Xemirch" {heavy, Fly rElec
                  | rN+ Stlth+}
 88717 | Zig:25   | Identified the +6 scale mail "Monlyuxa" {Str+5}
 88738 | Zig:25   | Identified the staff of the Lame Duck {rC+ rCorr Ice}
 88742 | Zig:25   | Identified the +6 whip of Hibaogiz {heavy, *Noise Will+++
                  | Str+3 Int+3}
 88889 | Zig:26   | Entered Level 26 of a ziggurat
 88900 | Zig:26   | Paralysed by an air elemental for 1 turns
 88908 | Zig:26   | Paralysed by an air elemental for 1 turns
 88914 | Zig:26   | Reached skill level 1 in Necromancy
 88919 | Zig:26   | Reached skill level 27 in Axes
 88930 | Zig:26   | Reached skill level 5 in Necromancy
 88994 | Zig:26   | Found the +15 Maxwell's patent armour {-Cast -Tele rElec
                  | Will+ rCorr}
 88997 | Zig:26   | Found the +7 hand cannon "Mule" {flame, backblast, rF+}
 89010 | Zig:26   | Identified the ring of Saaneyrui {Fire rElec Str-3 Int+3
                  | Slay+3}
 89017 | Zig:26   | Identified the +1 lajatang of Fee Simple {drain, rElec}
 89169 | Zig:27   | Entered Level 27 of a ziggurat
 89183 | Zig:27   | Noticed a royal mummy
 89183 | Zig:27   | Noticed a royal mummy
 89189 | Zig:27   | Noticed a royal mummy
 89192 | Zig:27   | Noticed a royal mummy
 89198 | Zig:27   | Killed a royal mummy
 89199 | Zig:27   | Noticed a royal mummy
 89201 | Zig:27   | Noticed a royal mummy
 89201 | Zig:27   | Noticed a royal mummy
 89201 | Zig:27   | Noticed a royal mummy
 89204 | Zig:27   | Noticed a royal mummy
 89205 | Zig:27   | Killed a royal mummy
 89205 | Zig:27   | Killed a royal mummy
 89205 | Zig:27   | Killed a royal mummy
 89205 | Zig:27   | Killed a royal mummy
 89205 | Zig:27   | Killed a royal mummy
 89205 | Zig:27   | Killed a royal mummy
 89205 | Zig:27   | Noticed a royal mummy
 89208 | Zig:27   | Noticed a royal mummy
 89210 | Zig:27   | Killed a royal mummy
 89211 | Zig:27   | Noticed a royal mummy
 89214 | Zig:27   | Killed a royal mummy
 89215 | Zig:27   | Reached skill level 10 in Necromancy
 89217 | Zig:27   | Noticed a royal mummy
 89227 | Zig:27   | Killed a royal mummy
 89234 | Zig:27   | Killed a royal mummy
 89235 | Zig:27   | Noticed a royal mummy
 89243 | Zig:27   | Killed a royal mummy
 89261 | Zig:27   | Killed a royal mummy
 89284 | Zig:27   | Killed a royal mummy
 89356 | Zig:27   | Found the +4 robe of Folly {Brill Will-∞ Int+8}
 89360 | Zig:27   | Found the +7 lajatang of Order {silver, rMut}
 89370 | Zig:27   | Identified the +3 ring mail of Limited Liability {Slay+6}
 89375 | Zig:27   | Identified the +5 sling "Jasorat" {elec, rF+ Str-3 Dex+2}
 89376 | Zig:27   | Identified the +4 rapier of Wounding {freeze, *Rage rC+
                  | Will+ rCorr Str+4}
 89377 | Zig:27   | Identified the +0 helmet "Jymount" {Rampage rF+}
 89378 | Zig:27   | Identified the +2 battleaxe of Breach {holy, rC++ Dex-4}
 89403 | Zig:27   | Identified the +5 falchion of Makhleb's Regard {heavy,
                  | Fragile rPois rC+ Dex+3}
 89480 | Depths:3 | Lost mutation: Your mind is very acute. (Int +8, Str/Dex
                  | -2) [potion of mutation]
 89480 | Depths:3 | Lost mutation: You occasionally lose the ability to drink
                  | potions when taking damage. [potion of mutation]
 89480 | Depths:3 | Lost mutation: Your body often deteriorates upon taking
                  | damage. [potion of mutation]
 89480 | Depths:3 | Gained mutation: You are frail. (-10% HP) [potion of
                  | mutation]
 89480 | Depths:3 | Lost mutation: Your flesh is cold resistant. (rC+) [potion
                  | of mutation]
 89480 | Depths:3 | Gained mutation: Your system is resistant to poisons.
                  | (rPois) [potion of mutation]
 89481 | Depths:3 | Lost mutation: You passively map a small area around you.
                  | [potion of mutation]
 89481 | Depths:3 | Lost mutation: Your body sometimes deteriorates upon taking
                  | damage. [potion of mutation]
 89481 | Depths:3 | Lost mutation: Your system is resistant to poisons. (rPois)
                  | [potion of mutation]
 89481 | Depths:3 | Gained mutation: You are very frail. (-20% HP) [potion of
                  | mutation]
 89481 | Depths:3 | Gained mutation: Your spells are a little easier to cast,
                  | but a little less powerful. [potion of mutation]
 89481 | Depths:3 | Gained mutation: You possess an exceptional clarity of
                  | mind. [potion of mutation]
 89482 | Depths:3 | Lost mutation: Your spells are a little easier to cast, but
                  | a little less powerful. [potion of mutation]
 89482 | Depths:3 | Lost mutation: You are clumsy. (Dex -2) [potion of
                  | mutation]
 89482 | Depths:3 | Gained mutation: Armour fits poorly on your strangely
                  | shaped body. [potion of mutation]
 89482 | Depths:3 | Gained mutation: You are covered in fur. (AC +1) [potion of
                  | mutation]
 89482 | Depths:3 | Gained mutation: You are clumsy. (Dex -2) [potion of
                  | mutation]
 89483 | Depths:3 | Lost mutation: You are covered in fur. (AC +1) [potion of
                  | mutation]
 89483 | Depths:3 | Lost mutation: You are very frail. (-20% HP) [potion of
                  | mutation]
 89483 | Depths:3 | Lost mutation: Armour fits poorly on your strangely shaped
                  | body. [potion of mutation]
 89483 | Depths:3 | Gained mutation: You are weak. (Str -2) [potion of
                  | mutation]
 89483 | Depths:3 | Gained mutation: Your body sometimes deteriorates upon
                  | taking damage. [potion of mutation]
 89484 | Depths:3 | Lost mutation: You are frail. (-10% HP) [potion of
                  | mutation]
 89484 | Depths:3 | Lost mutation: You are clumsy. (Dex -2) [potion of
                  | mutation]
 89485 | Depths:3 | Lost mutation: Your mind is acute. (Int +4, Str/Dex -1)
                  | [potion of mutation]
 89485 | Depths:3 | Lost mutation: Your body sometimes deteriorates upon taking
                  | damage. [potion of mutation]
 89485 | Depths:3 | Gained mutation: You are agile. (Dex +4, Str/Int -1)
                  | [potion of mutation]
 89485 | Depths:3 | Gained mutation: Armour fits poorly on your strangely
                  | shaped body. [potion of mutation]
 89485 | Depths:3 | Gained mutation: You have large cloven feet. [potion of
                  | mutation]
 89486 | Depths:3 | Lost mutation: You are weak. (Str -2) [potion of mutation]
 89486 | Depths:3 | Lost mutation: You possess an exceptional clarity of mind.
                  | [potion of mutation]
 89486 | Depths:3 | Lost mutation: You are agile. (Dex +4, Str/Int -1) [potion
                  | of mutation]
 89486 | Depths:3 | Gained mutation: Your muscles are strong. (Str +4, Int/Dex
                  | -1) [potion of mutation]
 89486 | Depths:3 | Gained mutation: You are robust. (+10% HP) [potion of
                  | mutation]
 89486 | Depths:3 | Gained mutation: Your flesh is heat resistant. (rF+)
                  | [potion of mutation]
 89487 | Depths:3 | Lost mutation: You are robust. (+10% HP) [potion of
                  | mutation]
 89487 | Depths:3 | Lost mutation: Your muscles are strong. (Str +4, Int/Dex
                  | -1) [potion of mutation]
 89487 | Depths:3 | Lost mutation: Armour fits poorly on your strangely shaped
                  | body. [potion of mutation]
 89487 | Depths:3 | Gained mutation: Your flesh is very heat resistant. (rF++)
                  | [potion of mutation]
 89487 | Depths:3 | Gained mutation: You occasionally lose the ability to read
                  | scrolls when taking damage. [potion of mutation]
 89488 | Depths:3 | Lost mutation: You occasionally lose the ability to read
                  | scrolls when taking damage. [potion of mutation]
 89488 | Depths:3 | Lost mutation: You have large cloven feet. [potion of
                  | mutation]
 89488 | Depths:3 | Lost mutation: Your flesh is very heat resistant. (rF++)
                  | [potion of mutation]
 89488 | Depths:3 | Gained mutation: Your system is resistant to poisons.
                  | (rPois) [potion of mutation]
 89488 | Depths:3 | Gained mutation: Potions are less effective at restoring
                  | your health. [potion of mutation]
 89488 | Depths:3 | Gained mutation: Your skin changes colour to match your
                  | surroundings (Stealth+). [potion of mutation]
 89489 | Depths:3 | Lost mutation: Your system is resistant to poisons. (rPois)
                  | [potion of mutation]
 89489 | Depths:3 | Lost mutation: Your flesh is heat resistant. (rF+) [potion
                  | of mutation]
 89489 | Depths:3 | Lost mutation: Potions are less effective at restoring your
                  | health. [potion of mutation]
 89489 | Depths:3 | Gained mutation: Your magical capacity is low. (-10% MP)
                  | [potion of mutation]
 89490 | Depths:3 | Lost mutation: Your magical capacity is low. (-10% MP)
                  | [potion of mutation]
 89490 | Depths:3 | Lost mutation: Your skin changes colour to match your
                  | surroundings (Stealth+). [potion of mutation]
 89490 | Depths:3 | Gained mutation: You are robust. (+10% HP) [potion of
                  | mutation]
 89490 | Depths:3 | Gained mutation: Armour fits poorly on your strangely
                  | shaped body. [potion of mutation]
 89490 | Depths:3 | Gained mutation: You have large cloven feet. [potion of
                  | mutation]
 89491 | Depths:3 | Lost mutation: You have large cloven feet. [potion of
                  | mutation]
 89491 | Depths:3 | Lost mutation: You are robust. (+10% HP) [potion of
                  | mutation]
 89491 | Depths:3 | Gained mutation: You have sharp toenails. [potion of
                  | mutation]
 89491 | Depths:3 | Gained mutation: Your movements are slightly less
                  | encumbered by armour. (ER -2) [potion of mutation]
 89492 | Depths:3 | Lost mutation: Your movements are slightly less encumbered
                  | by armour. (ER -2) [potion of mutation]
 89492 | Depths:3 | Lost mutation: You have sharp toenails. [potion of
                  | mutation]
 89492 | Depths:3 | Gained mutation: Your skin changes colour to match your
                  | surroundings (Stealth+). [potion of mutation]
 89492 | Depths:3 | Gained mutation: You are dopey. (Int -2) [potion of
                  | mutation]
 89492 | Depths:3 | Gained mutation: You are very dopey. (Int -4) [potion of
                  | mutation]
 89493 | Depths:3 | Lost mutation: Armour fits poorly on your strangely shaped
                  | body. [potion of mutation]
 89493 | Depths:3 | Lost mutation: Your skin changes colour to match your
                  | surroundings (Stealth+). [potion of mutation]
 89493 | Depths:3 | Lost mutation: You are very dopey. (Int -4) [potion of
                  | mutation]
 89493 | Depths:3 | Gained mutation: You occasionally lose the ability to drink
                  | potions when taking damage. [potion of mutation]
 89493 | Depths:3 | Gained mutation: You possess an exceptional clarity of
                  | mind. [potion of mutation]
 89658 | Zot:1    | Entered Level 1 of the Realm of Zot
 89684 | Zot:1    | Noticed Grunn
 89693 | Zot:1    | Reached skill level 1 in Summonings
 89703 | Zot:1    | Killed Grunn
 90530 | Tomb:1   | Noticed a royal mummy
 90551 | Tomb:1   | Killed a royal mummy
 90731 | Tomb:1   | Noticed a royal mummy
 90739 | Tomb:1   | Killed a royal mummy
 90832 | Tomb:1   | Noticed a royal mummy
 90853 | Tomb:1   | Killed a royal mummy
 90999 | Tomb:1   | Learned a level 8 spell: Infestation
 91007 | Tomb:1   | Learned a level 7 spell: Haunt
 91064 | Tomb:2   | Noticed a royal mummy
 91066 | Tomb:2   | Noticed a royal mummy
 91066 | Tomb:2   | Noticed a royal mummy
 91066 | Tomb:2   | Noticed a royal mummy
 91066 | Tomb:2   | Noticed a royal mummy
 91081 | Tomb:2   | Killed a royal mummy
 91082 | Tomb:2   | Reached skill level 5 in Summonings
 91089 | Tomb:2   | Killed a royal mummy
 91089 | Tomb:2   | Killed a royal mummy
 91094 | Tomb:2   | Killed a royal mummy
 91107 | Tomb:2   | Killed a royal mummy
 91357 | Tomb:1   | Noticed a royal mummy
 91357 | Tomb:1   | Noticed a royal mummy
 91357 | Tomb:1   | Noticed a royal mummy
 91358 | Tomb:1   | Noticed a royal mummy
 91358 | Tomb:1   | Noticed a royal mummy
 91358 | Tomb:1   | Noticed a royal mummy
 91373 | Tomb:1   | Killed a royal mummy
 91374 | Tomb:1   | Killed a royal mummy
 91376 | Tomb:1   | Noticed a royal mummy
 91378 | Tomb:1   | Killed a royal mummy
 91387 | Tomb:1   | Killed a royal mummy
 91394 | Tomb:1   | Killed a royal mummy
 91394 | Tomb:1   | Killed a royal mummy
 91400 | Tomb:1   | Noticed a royal mummy
 91410 | Tomb:1   | Noticed a royal mummy
 91414 | Tomb:1   | Killed a royal mummy
 91424 | Tomb:1   | Noticed a royal mummy
 91434 | Tomb:1   | Killed a royal mummy
 91438 | Tomb:1   | Killed a royal mummy
 91453 | Tomb:1   | Killed a royal mummy
 91471 | Tomb:1   | Noticed a royal mummy
 91476 | Tomb:1   | Noticed a royal mummy
 91479 | Tomb:1   | Killed a royal mummy
 91487 | Tomb:1   | Killed a royal mummy
 91502 | Tomb:1   | Noticed a royal mummy
 91508 | Tomb:1   | Noticed a royal mummy
 91509 | Tomb:1   | Killed a royal mummy
 91516 | Tomb:1   | Killed a royal mummy
 91524 | Tomb:1   | Reached skill level 27 in Fighting
 91534 | Tomb:1   | Noticed a royal mummy
 91544 | Tomb:1   | Killed a royal mummy
 91610 | Tomb:1   | Noticed a royal mummy
 91618 | Tomb:1   | Killed a royal mummy
 91620 | Tomb:1   | Noticed a royal mummy
 91631 | Tomb:1   | Killed a royal mummy
 91909 | Tomb:2   | Paralysed by a Zot trap for 4 turns
 92018 | Tomb:3   | Entered Level 3 of the Tomb of the Ancients
 92045 | Tomb:3   | Noticed a royal mummy
 92046 | Tomb:3   | Reached skill level 15 in Necromancy
 92052 | Tomb:3   | Noticed a royal mummy
 92079 | Tomb:3   | Killed a royal mummy
 92100 | Tomb:3   | Killed a royal mummy
 92112 | Tomb:3   | Noticed a royal mummy
 92113 | Tomb:3   | Noticed a royal mummy
 92126 | Tomb:3   | Killed a royal mummy
 92138 | Tomb:3   | Noticed a royal mummy
 92143 | Tomb:3   | Killed a royal mummy
 92150 | Tomb:3   | Noticed a royal mummy
 92156 | Tomb:3   | Noticed a royal mummy
 92165 | Tomb:3   | Noticed a royal mummy
 92176 | Tomb:3   | Killed a royal mummy
 92177 | Tomb:3   | Reached skill level 10 in Summonings
 92177 | Tomb:3   | Killed a royal mummy
 92187 | Tomb:3   | Noticed a royal mummy
 92191 | Tomb:3   | Killed a royal mummy
 92192 | Tomb:3   | Killed a royal mummy
 92205 | Tomb:3   | Killed a royal mummy
 92229 | Tomb:3   | Identified the staff of Fohycil {Conj Necro}
 92426 | Tomb:3   | Identified the death talisman of Eniumnop {Int+3 Dex+6}
 92461 | Tomb:3   | Identified the +0 scale mail of Eternal Night {-Tele rN++}
 92474 | Tomb:3   | Identified the dragon-blood talisman "Ral Vos" {Int+3}
 92539 | Tomb:3   | Got a golden rune of Zot
 93857 | Zot:1    | You fall into a shaft and drop 1 floor!
 94070 | Zot:2    | Reached skill level 27 in Armour
 94365 | Zot:2    | Identified the ring of Hiogha {Ice rCorr Int+2 Slay+3}
 94365 | Zot:2    | Noticed Josephina
 94374 | Zot:2    | Killed Josephina
 95373 | Zot:3    | Noticed an orb of fire
 95404 | Zot:3    | Killed an orb of fire
 95664 | Zot:3    | Found a runed translucent gate.
 95665 | Zot:3    | Found a runed translucent gate.
 95666 | Zot:3    | Found a runed translucent gate.
 95667 | Zot:3    | Noticed Eghefix's ghost (legendary GnFi)
 95765 | Zot:3    | Killed Eghefix's ghost
 95771 | Zot:3    | Identified the ring "Ahys" {rC- rCorr MP+9 Int+4}
 95932 | Zot:4    | Acquired the ring of Ryikuawk {Fly rElec rC+ Will++ Stlth-}
 96143 | Zot:4    | Noticed an orb of fire
 96159 | Zot:4    | Killed an orb of fire
 96945 | Zot:5    | Entered Level 5 of the Realm of Zot
 96946 | Zot:5    | Noticed a dread lich
 97122 | Zot:5    | Noticed a dread lich
 97191 | Zot:5    | Killed a dread lich
 97234 | Zot:5    | Noticed an orb of fire
 97254 | Zot:5    | Killed an orb of fire
 97283 | Zot:5    | Noticed a dread lich
 97293 | Zot:5    | Killed a dread lich
 97387 | Zot:5    | Noticed a dread lich
 97391 | Zot:5    | Noticed an orb of fire
 97392 | Zot:5    | Noticed an orb of fire
 97398 | Zot:5    | Noticed a dread lich
 97399 | Zot:5    | Killed a dread lich
 97408 | Zot:5    | Noticed an ancient lich
 97411 | Zot:5    | Killed an orb of fire
 97415 | Zot:5    | Noticed a dread lich
 97417 | Zot:5    | Killed an orb of fire
 97421 | Zot:5    | Killed a dread lich
 97429 | Zot:5    | Killed an ancient lich
 97430 | Zot:5    | Killed a dread lich
 97451 | Zot:5    | Reached skill level 15 in Summonings
 97462 | Zot:5    | Noticed a dread lich
 97469 | Zot:5    | Killed a dread lich
 97476 | Zot:5    | Killed a dread lich
 97835 | Zot:5    | Noticed an orb of fire
 97866 | Zot:5    | Killed an orb of fire
 98104 | Zot:5    | Got the Orb of Zot
 98148 | Zot:5    | Noticed Jierch the pandemonium lord
 98155 | Zot:5    | Killed Jierch the pandemonium lord
 98483 | D:15     | Noticed Fehuink the pandemonium lord
 98541 | D:15     | Killed Fehuink the pandemonium lord
 98967 | D:$      | Escaped with the Orb!

Illustrated notes

Levels and vault maps discovered:
D:1:      dpeg_arrival_ternary, layout_basic
D:2:      layout_basic, basic_altar
D:3:      layout_rooms, mainiacjoe_overflow_brackets,
          mainiacjoe_overflow_cross_hatched, nicolae_overflow_hidden_temple,
          minmay_fountain_box, dreamdust_princess_corridor
D:4:      layout_rooms, nicolae_sif_muna_little_library, serial_shops,
          nicolae_shop_window_shopping, nicolae_houndstooth_variations,
          uniq_pikel, uniq_blork_the_orc, uniq_edmund, uniq_eustachio
D:5:      layout_loops_ring, lemuel_doored_altar,
          mainiacjoe_overflow_concentric_impassable,
          amcnicky_mini_rare_corridor_liquid, chequers_serial_rivers_small_3,
          serial_bayou_lagoon_a, kennysheep_generic_room_10
D:6:      layout_layer_cave, mainiacjoe_sewer_entry_somewhere_in_here_1
D:7:      layout_loops_ring, mainiacjoe_overflow_big_doors,
          minmay_temple_entry_gardened_gates
D:8:      layout_rooms
D:9:      layout_gridville, nicolae_overflow_crystal_walls,
          kennysheep_mini_moat, erik_lair_orcish_takeover, orc_0_dummy,
          hellmonk_ghost_happy_afterlife, nicolae_concentric_dashed_squares_mild
D:10:     layout_loops_corners, amcnicky_altar_gilded, minmay_misc_feat_hallway
D:11:     layout_loops_ring, uniq_nergalle
D:12:     layout_cave_pods
D:13:     dreamdust_cave_troll, layout_basic,
          portal_ice_cave_entry_animals_and_master, dk_noncrumbling_2,
          palyth_stone_intersect, uniq_snorg, uniq_maurice
D:14:     cheibrodos_magma_flow, layout_loops_ring, grunt_vaults_entry_tiered,
          ploomutoo_gammafunk_ghost_potion_laboratory,
          nemelex_spade_bored_becter
D:15:     hangedman_depths_entry_try_elsewhere_first, layout_gridville
Temple:   grunt_temple_mini_profane
Lair:1:   layout_regular_city, grunt_megastairs_1
Lair:2:   layout_misc_corridors, nicolae_swamp_entry_splash_gauntlet,
          columned_hall_lemuel, amcnicky_mini_pool_medium, uniq_harold
Lair:3:   layout_hall_layers, spider_nest_entry_web_field
Lair:4:   regret_index_malice_mire, layout_regular_city,
          nicolae_lair_time_for_slime
Lair:5:   gammafunk_lair_ancient_temple, layout_cave_shapes, slime_entry_1,
          minmay_lair_oklob_bushes, kilobyte_rumbling_trees
Swamp:1:  layout_falls_marsh, gammafunk_ghost_berserking_beasts,
          nicolae_swamp_tree_isthmus
Swamp:2:  layout_basic_swamp, nicolae_swamp_little_tower,
          nicolae_swamp_snake_nest, infiniplex_staircase_pool
Swamp:3:  layout_basic_swamp, evilmike_swamp_ruin_house_4, uniq_mlioglotl
Swamp:4:  swamp_alternative, layout_basic_swamp
Spider:1: layout_spider_delve, hangedman_spider_tarantella_strand
Spider:2: layout_spider_delve, nicolae_spider_circle_web,
          nicolae_spider_solar_radiation
Spider:3: layout_spider_delve
Spider:4: spider_rune_water, nicolae_spider_nooks_and_crannies
Slime:1:  layout_caves, nicolae_slime_getting_an_eyeful
Slime:2:  layout_caves, special_room [special_room_jelly]
Slime:3:  layout_caves, cheibrodos_slime_lost_civilization_5
Slime:4:  layout_caves
Slime:5:  slime_pit
Orc:1:    layout_diamond_mine
Orc:2:    st_orc_rangers, layout_diamond_mine
Elf:1:    nicolae_elf_arrival_dilemma, layout_geoelf_diagonals, serial_shops,
          shop, minmay_elf_necromancy
Elf:2:    nicolae_elf_blades_splatter_lattice [nicolae_blade_little_rooms],
          layout_geoelf_octagon, minmay_shop_star, uniq_asterion
Elf:3:    minmay_elf_hall_curves, layout_loops_ring, basic_altar,
          nicolae_elf_glass_and_crystal_pillar_2, minmay_shop_mayhem, drop_trap,
          nicolae_danse_macabre
Vaults:1: nicolae_vaults_wine_cellar, nicolae_vaults_storage_closets_3,
          nicolae_vaults_offset_grid_hallway_2, nicolae_vaults_network_quincunx
          [nicolae_vaults_network_quincunx_subvault,
          nicolae_vaults_network_quincunx_subvault,
          nicolae_vaults_network_quincunx_subvault,
          nicolae_vaults_network_quincunx_subvault,
          nicolae_vaults_network_quincunx_subvault],
          nicolae_vaults_trapezoid_lopsided_1,
          nicolae_vaults_trapezoid_lopsided_3, grunt_vaults_funnel,
          vaults_mumra_hexcomb, nicolae_vaults_little_squares_6,
          vaults_standard_mumra_enter_the_diamond, vaults_room_semicircle,
          layout_vaults_omnigrid, serial_shops, shop, uniq_aizul
Vaults:2: nicolae_vaults_bisected_exclaves, hangedman_vaults_trim,
          nicolae_vaults_thirteen_compartments, v_misc_28,
          vaults_mumra_minichess, nicolae_vaults_ninety_degrees,
          nicolae_vaults_offset_grid_hallway_2, nicolae_vaults_apartment_1,
          layout_vaults_chaotic_city, serial_shops,
          nicolae_shop_overgrown_old_shop, shop, nicolae_diamond_shop,
          nicolae_shop_temple_entry_statues_fountains, uniq_frederick
Vaults:3: v_alt_pattern_5, minmay_crypt_entry_vampire_xt,
          hangedman_vaults_corner, vaults_dpeg_spiral,
          nicolae_vaults_little_squares_2, nicolae_vaults_hallways_thing,
          nicolae_vaults_c_with_doors, nicolae_vaults_more_shelving_1,
          nicolae_vaults_diamond_2, ontoclasm_vaults_pinch,
          nicolae_vaults_mini_display_case, nicolae_vaults_double_plus_1,
          hangedman_vaults_stretched_pinwheel, layout_vaults_ring
Vaults:4: portal_desolation_entry_ruin, v_misc_14, ontoclasm_vaults_fault,
          grunt_vaults_funneled_arena, v_misc_28, v_misc_23,
          nicolae_vaults_diamond_2, nicolae_vaults_diagonal_hallway_7,
          grunt_vaults_twisty, nicolae_vaults_asterisk,
          vaults_mumra_minichess_inversion, nicolae_vaults_three_branches,
          ontoclasm_vaults_spin, hangedman_vaults_slice, vaults_room_pool,
          layout_vaults_maze, uniq_boris
Vaults:5: serial_shops
Crypt:1:  layout_gridlike
Crypt:2:  layout_rooms, uniq_margery, uniq_mennas
Crypt:3:  church_of_pain_bobbens, layout_chaotic_city,
          nicolae_tomb_entry_rubble_hallway
Tomb:1
Tomb:2
Tomb:3
Depths:1: layout_gridlike, ebering_ghost_xom, abyss_entry, grunt_mini_vestibule,
          serial_sigils_hangedman_stare, grunt_ministairs_5, kennysheep_donut,
          elyvilon_altar_1
Depths:2: minmay_glassy_protrusions, layout_basic, rand_demon_pan_entry_9,
          hangedman_decor_push, gammafunk_ghost_tricky_traps,
          grunt_hell_entry_dis_grunt, solitary_fountain,
          infiniplex_staircase_split_hallway
Depths:3: dreamdust_tengu_aerie, layout_long_grid, enter_ziggurat_a,
          abyss_entry_small_statue_room, hell_entry, bloody_trog,
          minmay_microvault, infiniplex_staircase_star, grunt_megastairs_2,
          uniq_norris
Depths:4: grunt_zot_entry_gee_three, layout_twisted_cross, serial_sigils,
          serial_sigils_hangedman_scar, serial_sigils_hangedman_quiver,
          serial_sigils_hangedman_snap, serial_sigils_hangedman_gnaw,
          hangedman_coc_ice_floe
Hell
Dis:1:    layout_jigsaw
Dis:2:    layout_gridville, nicolae_dis_strange_trophy_room
Dis:3:    hangedman_dis_decor_blocks_talon, layout_subdivisions
Dis:4:    layout_regular_city, nicolae_hells_seeping_fissure
Dis:5:    nicolae_dis_big_iron_x
Dis:6:    layout_jigsaw
Dis:7:    dis_hangedman
Geh:1:    layout_gehenna_pools_basic
Geh:2:    layout_gehenna_pools_box
Geh:3:    layout_gehenna_lava_caves
Geh:4:    layout_gehenna_lava_caves
Geh:5:    nicolae_hells_titanomachy
Geh:6:    layout_gehenna_pools_triple, nicolae_geh_lavax
Geh:7:    geh_hangedman
Coc:1:    layout_ice_bergs, nicolae_coc_statues_of_limitations
Coc:2:    layout_ice_bergs
Coc:3:    layout_cocytus_delve
Coc:4:    layout_cocytus_water_paths
Coc:5:    layout_ice_bergs
Coc:6:    nicolae_coc_caina, layout_cocytus_delve
Coc:7:    coc_grunt
Tar:1:    layout_honeycomb
Tar:2:    layout_grid_maze
Tar:3:    layout_grid_maze
Tar:4:    layout_grid_maze
Tar:5:    layout_honeycomb, nicolae_tar_cuneiform_to_be
Tar:6:    layout_catacombs, nicolae_tar_liches_on_tour
Tar:7:    tar_mu [tar_mu_maze]
Zot:1:    layout_cellular_growth, regret_index_zotdec_tunneler, uniq_grunn
Zot:2:    kennysheep_bubbly, layout_concentric_octagons,
          st_small_dragon_hoard_1, uniq_josephina
Zot:3:    layout_basic, bh_zot_levy_curve, ebering_ghost_rock_garden,
          st_stairs_13
Zot:4:    layout_cathedral_of_symmetry
Zot:5:    layout_gridlike, grunt_ministairs_8, nrook_zot_tub

Skill      XL: |  1  2  3  4  5  6  7  8  9 10 11 12 13 14 15 16 17 18 19 20 21 22 23 24 25 26 27 |
---------------+----------------------------------------------------------------------------------+-----
Axes           | 3 4 5 6 7 9 11 13 15 16 17 18 19 20 21 27 | 27.0
Armour         | 2 4 6 7 8 9 10 11 12 13 16 17 27 | 27.0
Dodging        | 2 4 5 6 7 8 9 10 11 13 14 15 23 | 23.9
Shields        | 1 4 5 6 7 8 9 10 11 12 14 15 16 17 19 25 | 25.7
Fighting       | 5 6 8 9 10 11 12 13 14 15 17 18 19 20 21 27 | 27.0
Throwing       | 4 6 8 9 10 11 | 11.8
Evocations     | 3 4 6 7 9 10 11 | 11.3
Invocations    | 9 14 18 20 27 | 27.0
Shapeshifting  | 4 23 | 23.0
Translocations | 15 | 15.4
Air Magic      | 15 | 15.5
Spellcasting   | 11 | 11.8
Transmutations | 12 | 12.2
Necromancy     | 20 | 20.4
Summonings     | 15 | 15.8

Action                     |  1- 3 |  4- 6 |  7- 9 | 10-12 | 13-15 | 16-18 | 19-21 | 22-24 | 25-27 || total
---------------------------+-------+-------+-------+-------+-------+-------+-------+-------+-------++-------
  Melee: Hand axe          |   143 |    98 |    59 |       |       |       |       |       |       ||   300
         Punch             |     2 |       |     1 |     1 |       |       |       |       |       ||     4
         Headbutt          |    11 |    13 |    57 |    93 |   275 |   391 |   546 |   658 |  3978 ||  6022
         War axe           |       |       |   261 |       |       |       |       |       |       ||   261
         Battleaxe         |       |       |    44 |   112 |       |       |       |       |       ||   156
         Broad axe         |       |       |       |   358 |  1027 |  1447 |  1420 |  1810 | 11323 || 17385
   Cast: Wereblood         |       |       |       |       |       |       |       |       |    49 ||    49
         Vhi's Electric Ch |       |       |       |       |       |       |       |       |     4 ||     4
         Haunt             |       |       |       |       |       |       |       |       |     3 ||     3
 Invoke: Berserk           |       |     7 |     3 |     6 |     2 |     3 |     2 |       |       ||    23
         Trog's Hand       |       |       |       |     2 |     2 |     2 |       |       |       ||     6
         Brothers in Arms  |       |       |       |       |     2 |     1 |       |       |       ||     3
         Elemental Force   |       |       |       |       |       |       |       |     1 |    10 ||    11
         Upheaval          |       |       |       |       |       |       |       |       |    56 ||    56
         Disaster Area     |       |       |       |       |       |       |       |       |    48 ||    48
  Evoke: Wand              |       |       |       |     4 |     4 |     1 |     1 |       |    12 ||    22
         Lightning rod     |       |       |       |       |       |       |     1 |       |     1 ||     2
         Condenser vane    |       |       |       |       |       |       |       |       |     2 ||     2
         Phial of floods   |       |       |       |       |       |       |       |       |     1 ||     1
    Use: Scroll            |       |     3 |     3 |     7 |    13 |    10 |    10 |     2 |    28 ||    76
         Potion            |       |     1 |       |       |     4 |     2 |       |     3 |    61 ||    71
   Stab: Paralysed         |       |       |       |     9 |     6 |       |       |       |    11 ||    26
         Sleeping          |       |       |       |       |       |     1 |       |       |       ||     1
         Distracted        |       |       |       |       |       |     1 |       |     2 |    11 ||    14
         Confused          |       |       |       |       |       |     1 |       |       |     1 ||     2
         Invisible         |       |       |       |       |       |       |       |       |     2 ||     2
 Armour: Animal skin       |     7 |       |       |       |       |       |       |       |       ||     7
         Scale mail        |    65 |       |       |       |       |       |       |       |       ||    65
         Chain mail        |    18 |    66 |   202 |    14 |       |   394 |    74 |       |       ||   768
         Skin              |       |     3 |       |       |       |       |       |       |   161 ||   164
         Steam dragon scal |       |       |       |   155 |    50 |       |       |       |       ||   205
         Swamp dragon scal |       |       |       |       |   231 |   255 |       |       |       ||   486
         Ice dragon scales |       |       |       |       |    35 |       |       |       |   141 ||   176
         Gold dragon scale |       |       |       |       |       |       |   517 |   480 |  3551 ||  4548
  Dodge: Dodged            |    81 |    54 |   179 |   238 |   407 |   501 |   201 |   192 |  1693 ||  3546
         Repelled          |       |       |       |       |       |       |       |    17 |   121 ||   138
  Block: Other             |       |       |    32 |    48 |       |       |       |       |       ||    80
         Reflection        |       |       |     1 |       |    27 |    45 |    64 |    15 |       ||   152
         Buckler           |       |       |       |    53 |   281 |       |       |       |       ||   334
         Kite shield       |       |       |       |       |   114 |  1033 |   709 |   356 |  6378 ||  8590
         Tower shield      |       |       |       |       |       |       |       |   790 |  2338 ||  3128
         Form:             |       |       |       |       |       |       |       |       |     9 ||     9
         Death             |       |       |       |       |       |       |       |       |     9 ||     9
         Statue            |       |       |       |       |       |       |       |       |     2 ||     2

Table legend: (Time is in decaauts)
 A = Elapsed time spent in this place.
 B = Non-inter-level travel time spent in this place.
 C = Inter-level travel time spent in this place.
 D = Time resting spent in this place.
 E = Time spent auto-exploring this place.
 F = Levels seen in this place.
 G = Mean time per level.
                   A        B        C        D        E       F      G
               +--------+--------+--------+--------+--------+-----+--------+
         Total |  92146 |  78299 |  13847 |   3429 |  55525 | 137 |  672.6 |
       Dungeon |  18468 |  13845 |   4623 |   1676 |   9818 |  15 | 1231.2 |
        Temple |     55 |      6 |     49 |      0 |      0 |   1 |   55.0 |
          Lair |   5401 |   4221 |   1180 |     30 |   3356 |   5 | 1080.2 |
         Swamp |   2917 |   2539 |    378 |     35 |   1994 |   4 |  729.2 |
   Spider Nest |   3770 |   3614 |    156 |    412 |   2405 |   4 |  942.5 |
    Slime Pits |    776 |    701 |     75 |    140 |    150 |   5 |  155.2 |
  Orcish Mines |   1283 |    998 |    285 |      0 |    838 |   2 |  641.5 |
   Elven Halls |   2522 |   2294 |    228 |     16 |   1751 |   3 |  840.7 |
        Vaults |  10000 |   6592 |   3408 |     82 |   5137 |   5 | 2000.0 |
         Crypt |   3172 |   2666 |    506 |      0 |   2078 |   3 | 1057.3 |
          Tomb |   2408 |   2035 |    373 |      0 |   1317 |   3 |  802.7 |
        Depths |   5294 |   3801 |   1493 |    173 |   2970 |   4 | 1323.5 |
          Hell |    875 |    717 |    158 |      0 |    402 |   1 |  875.0 |
           Dis |   2801 |   2723 |     78 |     22 |   1755 |   7 |  400.1 |
       Gehenna |   2663 |   2461 |    202 |     12 |   1753 |   7 |  380.4 |
       Cocytus |   2489 |   2371 |    118 |    168 |   1386 |   7 |  355.6 |
      Tartarus |   3409 |   3263 |    146 |    245 |   2331 |   7 |  487.0 |
           Zot |   4613 |   4228 |    385 |      0 |   3442 |   5 |  922.6 |
         Abyss |   1108 |   1108 |      0 |      4 |    352 |   3 |  369.3 |
   Pandemonium |  13373 |  13373 |      0 |    375 |   9542 |  16 |  835.8 |
      Ziggurat |   3395 |   3395 |      0 |      0 |   1978 |  27 |  125.7 |
         Sewer |    314 |    314 |      0 |     37 |    152 |   1 |  314.0 |
      Ice Cave |    487 |    487 |      0 |      0 |    281 |   1 |  487.0 |
    Desolation |    542 |    542 |      0 |      0 |    328 |   1 |  542.0 |
               +--------+--------+--------+--------+--------+-----+--------+

Top non-repeatable levels by time:
    D:14: 3109 daAuts
Vaults:1: 2853 daAuts
Vaults:3: 2206 daAuts
   Tar:7: 2068 daAuts
Depths:1: 1957 daAuts
Vaults:2: 1840 daAuts
Spider:4: 1774 daAuts
Vaults:4: 1726 daAuts
 Crypt:3: 1637 daAuts
    D:15: 1591 daAuts
     D:6: 1508 daAuts
   Coc:7: 1505 daAuts
   Dis:7: 1454 daAuts
     D:9: 1445 daAuts
  Tomb:1: 1413 daAuts
